Workbook

Sheet Questions
A1: Number | B1: Question | C1: Answer | D1: Topic | E1: Sub-topic | F1: Students have studied up to question: | G1: 20
A2: 1 | B2: What was schizophrenia first called? | C2: What was schizophrenia first called? ‘dementia praecox’ (premature dementia) | D2: Schizophrenia | E2: Characteristics | F2: Start question of current topic: | G2: 1
A3: 2 | B3: How many diagnostic types are there? | C3: 5 | D3: Schizophrenia | E3: Characteristics | F3: End question of current topic: | G3: =G1 -> 20
A4: 3 | B4: Describe the diagnostic type ‘catatonic’ | C4: Person may not react to things in the environment and remain rigid and unmoving in awkward poses… | D4: Schizophrenia | E4: Characteristics
A5: 4 | B5: According to the DSM, symptoms should present themselves for at least how long? | C5: 1 month | D5: Schizophrenia | E5: Characteristics
A6: 5 | B6: According to the DSM, how many symptoms should be present for that time period? | C6: At least two | D6: Schizophrenia | E6: Characteristics
A7: 6 | B7: Identify two examples of positive symptoms of schizophrenia | C7: Hallucinations, delusions of grandeur, insertion of thoughts | D7: Schizophrenia | E7: Characteristics
A8: 7 | B8: Identify two examples of negative symptoms of schizophrenia. | C8: Poverty of speech, withdrawal from society, flattening of mood | D8: Schizophrenia | E8: Characteristics
A9: 8 | B9: Why might the DSM and ICD be culturally bias? | C9: Developed in western society | D9: Schizophrenia | E9: Characteristics
A10: 9 | B10: Why might schizophrenia be difficult to diagnose? | C10: Other disorders may have similar symptoms | D10: Schizophrenia | E10: Characteristics
A11: 10 | B11: What does the term persecutory hallucinations mean? | C11: Belief that someone is chasing you/pursuing you | D11: Schizophrenia | E11: Characteristics
A12: 11 | B12: What do the terms MZ and DZ stand for? | C12: Monozygotic (identical), Dizygotic (non-identical/fraternal) twins | D12: Schizophrenia | E12: Explanations
A13: 12 | B13: What does the term concordance rate mean? | C13: Whether twins share the same trait or not. | D13: Schizophrenia | E13: Explanations
A14: 13 | B14: According to the dopamine hypothesis, schizophrenia is caused by the lack of sensitivity in a person’s dopamine receptors. T/F. | C14: TRUE | D14: Schizophrenia | E14: Explanations
A15: 14 | B15: What is the link between Parkinson’s disease and schizophrenia in terms of treatments? | C15: Some drug treatments are used to treat the symptoms of schizophrenia. People with Parkinson’s disease have low levels of dopamine. | D15: Schizophrenia | E15: Explanations
A16: 15 | B16: What does a PET scan do? | C16: Imaging scan to test for diseases of the body. A special dye is injected/swallowed that contains radioactive tracers. | D16: Schizophrenia | E16: Explanations
A17: 16 | B17: What was taken up faster in schizophrenics indicating that they produce more dopamine? | C17: L-DOPA | D17: Schizophrenia | E17: Explanations
A18: 17 | B18: What does Frith describe schizophrenia as being ‘abnormality of…’ | C18: Self-monitoring | D18: Schizophrenia | E18: Explanations
A19: 18 | B19: Incoherent speech is a positive symptom of schizophrenia. T/F. | C19: TRUE | D19: Schizophrenia | E19: Explanations
A20: 19 | B20: What qualitative data was collected in Gottesman and Shield’s study? | C20: Interviews | D20: Schizophrenia | E20: Explanations
A21: 20 | B21: Briefly describe how Frith conducted his experiment. | C21: Asked schizophrenics to decide whether items that had been read out loud were done themselves, an experimenter or a computer | D21: Schizophrenia | E21: Explanations
A22: 21 | B22: When were the first antipsychotics first produced? | C22: 1950s | D22: Schizophrenia | E22: Treatment
A23: 22 | B23: First generation antipsychotics were intended to treat what symptoms of psychosis? | C23: Delusions, hallucinations | D23: Schizophrenia | E23: Treatment
A24: 23 | B24: Second generation antipsychotics are known as what? | C24: Atypical antipsychotics | D24: Schizophrenia | E24: Treatment
A25: 24 | B25: Second generation antipsychotics block the receptors of which neurotransmitter? | C25: Dopamine | D25: Schizophrenia | E25: Treatment
A26: 25 | B26: Third generation antipsychotics are thought to reduce some of the side-effects of second generation antipsychotics, T/F? | C26: TRUE | D26: Schizophrenia | E26: Treatment
A27: 26 | B27: What are some strengths of using drugs to treat schizophrenia? | C27: Helps restore chemical imbalance, given on a fixed schedule, little effort needed for patient, cheaper than therapy | D27: Schizophrenia | E27: Treatment
A28: 27 | B28: What are some weaknesses of using drugs to treat schizophrenia? | C28: Side-effects (e.g., nausea), addiction, alleviate symptoms but not cause | D28: Schizophrenia | E28: Treatment
A29: 28 | B29: When was ECT was originally developed to help treat schizophrenia? | C29: 1930s | D29: Schizophrenia | E29: Treatment
A30: 29 | B30: ECT was originally used bilaterally, T/F? | C30: TRUE | D30: Schizophrenia | E30: Treatment
A31: 30 | B31: When is ECT administered? | C31: After drug therapy failed - sometimes used for catatonic schizophrenia | D31: Schizophrenia | E31: Treatment
A32: 31 | B32: What approach is the token economy based on? | C32: Behavioural (positive reinforcement) | D32: Schizophrenia | E32: Treatment
A33: 32 | B33: Paul and Lentz (token economy) assessed three forms of therapy in their study, one was milieu therapy - what is this? | C33: Type of treatment which involves the use of a therapuetic community. Patients live collectively in a clinic or treatment centre and are encouraged to look after one another and build relationships | D33: Schizophrenia | E33: Treatment
A34: 33 | B34: Paul and Lentz found that the use of a token economy helped improve social interactions with staff and patients, T/F? | C34: TRUE | D34: Schizophrenia | E34: Treatment
A35: 34 | B35: In Sensky et al's study of CBT, the control group engaged in a session where they had discussions about hobbies, sports and current affairs - what was this called? | C35: Befriending sessions | D35: Schizophrenia | E35: Treatment
A36: 35 | B36: Describe the sample used in Sensky et al's study | C36: 90 patients (16-60 years) with a diagnosis of treatment-resistant schizophrenia from 5 clinical services received a mean average of 19 sessions of CBT or befriending | D36: Schizophrenia | E36: Treatment
A37: 36 | B37: Bipolar disorder used to be called by what name? | C37: Manic depression | D37: Bipolar and related disorders | E37: Characteristics
A38: 37 | B38: What are some features of depressive episodes? | C38: Loss of energy, continual urges to cry, difficulty sleeping, difficulty concentrating | D38: Bipolar and related disorders | E38: Characteristics
A39: 38 | B39: What are some features of manic episodes? | C39: Excited, talking quickly, moving from one thing to another, lots of energy | D39: Bipolar and related disorders | E39: Characteristics
A40: 39 | B40: The Beck Depression Inventory (BDI) contains how many items? | C40: 21 | D40: Bipolar and related disorders | E40: Characteristics
A41: 40 | B41: Beck's Depression Inventory is scored on a 5-point scale, T/F? | C41: FALSE - 4 | D41: Bipolar and related disorders | E41: Characteristics
A42: 41 | B42: What score would people have to achieve to be classified as depressed using the BDI? | C42: 40 | D42: Bipolar and related disorders | E42: Characteristics
A43: 42 | B43: The BDI is an example of what type of test? | C43: Psychometric | D43: Bipolar and related disorders | E43: Characteristics
A44: 43 | B44: What % of genes are shared between first-degree family members? | C44: 0.5 | D44: Bipolar and related disorders | E44: Explanations
A45: 44 | B45: Who said that first-degree relatives of people diagnosed with depression are more likely to be diagnosed with depression than non-first degree relatives? | C45: Oruc et al (1998) | D45: Bipolar and related disorders | E45: Explanations
A46: 45 | B46: Which neurotransmitter is believed to be low for people suffering from depression and mania? | C46: Serotonin | D46: Bipolar and related disorders | E46: Explanations
A47: 46 | B47: Who thought that people react differently to aversive stimuli because of thought patterns that build in up in their lives? | C47: Beck | D47: Bipolar and related disorders | E47: Explanations
A48: 47 | B48: What parts consititute the cognitive triad? | C48: Negative views about the world, negative views about oneself, negative views about the future | D48: Bipolar and related disorders | E48: Explanations
A49: 48 | B49: What is a schema? | C49: Units of knowledge about the world i.e., memory, perception | D49: Bipolar and related disorders | E49: Explanations
A50: 49 | B50: What does the term polymorphism mean? | C50: Variation in a gene or genes | D50: Bipolar and related disorders | E50: Explanations
A51: 50 | B51: What does the term sexually dimorphic mean? | C51: Any differences between males and females of any species which are not just differences in organs - caused by inheriting either male or female patterns of genetic material | D51: Bipolar and related disorders | E51: Explanations
A52: 51 | B52: How is attributional style assessed? | C52: Attributional style questionnaire (ASQ) | D52: Bipolar and related disorders | E52: Explanations
A53: 52 | B53: How does learned helplessness occur? | C53: As a result of a person having to endure an unpleasant situation, when they perceive the unpleasantness to be inescapable | D53: Bipolar and related disorders | E53: Explanations
A54: 53 | B54: Who developed the theory of learned helplessness and attributional style? | C54: Seligman et al | D54: Bipolar and related disorders | E54: Explanations
A55: 54 | B55: In Seligman et al's study of learned helplessness and attributional style, only unipolar patients were found to be more pessimistic than the control group, T/F? | C55: False - both unipolar and bipolar | D55: Bipolar and related disorders | E55: Explanations
A56: 55 | B56: What type of data is collected in the attributional style questionnaire? | C56: Quantitative | D56: Bipolar and related disorders | E56: Explanations
... A58: 57 | B58: MAOIs only inhibit adrenaline, T/F? | C58: False - lots of neurotransmitters including melatonin, serotonin and noradrenaline | D58: Bipolar and related disorders | E58: Treatment
A59: 58 | B59: ECT is also used to treat some forms of schizophrenia as well as severe depression, T/F? | C59: TRUE | D59: Bipolar and related disorders | E59: Treatment
A60: 59 | B60: What are some of the short term side-effects of using ECT? | C60: Confusion and memory loss | D60: Bipolar and related disorders | E60: Treatment
A61: 60 | B61: How does cognitive restructuring (Beck) begin? | C61: Theory of depression is explained to patient, including cognitive triad | D61: Bipolar and related disorders | E61: Treatment
A62: 61 | B62: What are patients encouraged to challenge in cognitive restructuring (Beck)? | C62: Negative thoughts | D62: Bipolar and related disorders | E62: Treatment
A63: 62 | B63: How successful is cognitive restructuring in dealing with depression? | C63: Successful in comparison to people taking antidepressants and other forms of therapy (psychotherapy) | D63: Bipolar and related disorders | E63: Treatment
A64: 63 | B64: What does REBT stand for? | C64: Rational emotive behaviour therapy | D64: Bipolar and related disorders | E64: Treatment
A65: 64 | B65: What ancient principles is REBT based on? | C65: Stoicism | D65: Bipolar and related disorders | E65: Treatment
A66: 65 | B66: What are the components of the ABC model? | C66: A - activating event, B - beliefs about event, C - consequences | D66: Bipolar and related disorders | E66: Treatment
A67: 66 | B67: According to Ellis, why does a person become depressed? | C67: As a result of internal constructions; perceptions and attitudes towards things that happen to them in their lives | D67: Bipolar and related disorders | E67: Treatment
A68: 67 | B68: Ellis expanded the ABC model to include DE, what do these stand for? | C68: D - disputing the irrational beliefs, E - effects of successful disruption of the irrational beliefs | D68: Bipolar and related disorders | E68: Treatment
A69: 68 | B69: One of the strengths of Ellis' REBT model is that it considers situational variables, how does it consider them? | C69: Negative activating events in one's life can trigger irrational beliefs, meaning depression can be treated only when we consider we react to situational variables | D69: Bipolar and related disorders | E69: Treatment
A70: 69 | B70: How would you define 'addiction?' | C70: A condition produced by repeated consumption of a natural or synthetic substance, in which the person becomes physically and psychologically dependent | D70: Impulse control disorders and non-substance addictive disorder | E70: Characteristics
A71: 70 | B71: Griffiths identified six components that help define any addiction, identify what these are | C71: Salience, euphoria, tolerance, withdrawl, conflict, relapse | D71: Impulse control disorders and non-substance addictive disorder | E71: Characteristics
... A78: 77 | B78: What does K-SAS stand for? | C78: Kleptomania symptom assessment scale | D78: Impulse control disorders and non-substance addictive disorder | E78: Characteristics
A79: 78 | B79: How many items are on the K-SAS? | C79: 11 | D79: Impulse control disorders and non-substance addictive disorder | E79: Characteristics
A80: 79 | B80: What neurotransmitter is released when someone engages in stealing behaviour? | C80: Dopamine | D80: Impulse control disorders and non-substance addictive disorder | E80: Explanations
A81: 80 | B81: What is the reward deficiency syndrome? | C81: When reward centres are over-stimulated (compulsive behaviour), levels of dopamine in the striatrum are reduced. The kleptomaniac will then increasingly engage in stealing behaviours. | D81: Impulse control disorders and non-substance addictive disorder | E81: Explanations
A82: 81 | B82: For a gambler, the enjoyment of winning acts as WHAT type of reinforcer? | C82: Positive | D82: Impulse control disorders and non-substance addictive disorder | E82: Explanations
A83: 82 | B83: What are the three stages of feeling-state theory? | C83: Intense desire + intense positive experience = feeling-state | D83: Impulse control disorders and non-substance addictive disorder | E83: Explanations
A84: 83 | B84: SSRIs are used to help treat impulse control disorders, T/F? | C84: TRUE | D84: Impulse control disorders and non-substance addictive disorder | E84: Explanations
A85: 84 | B85: Grant et al used drug therapy to help treat gambling, how many participants took part? | C85: 284 | D85: Impulse control disorders and non-substance addictive disorder | E85: Treatment
A86: 85 | B86: What scale was used in Grant et al's study of treatment for gamblers? | C86: Yale-Brown Obsessive-Compulsive Scale (Y-BOCS) | D86: Impulse control disorders and non-substance addictive disorder | E86: Treatment
A87: 86 | B87: What were Grant et al's conclusions from the use of drug therapy to help gamblers? | C87: Those who received the highest dose of opiates showed the greatest reduction in gambling disorder symptoms | D87: Impulse control disorders and non-substance addictive disorder | E87: Treatment
A88: 87 | B88: Briefly outline covert sensitisation (impulse control disorders) | C88: Pairing of an unpleasant stimulus e.g., anxiety or nausea with an undesirable behaviour (draws on classical conditioning) | D88: Impulse control disorders and non-substance addictive disorder | E88: Treatment
A89: 88 | B89: Outline Glover's case study into a 56 female kleptomaniac (impulse control disorders) | C89: She had been stealing for over a decade. Glover used CS pairing nausea with the act of stealing. As she approached an item, she would vomit - this would cease once she replaced the item and left the shop. 19 months after completing of CS, she had not lapsed | D89: Impulse control disorders and non-substance addictive disorder | E89: Treatment
A90: 89 | B90: Some cognitive-behavioural techniques use muscle relaxation, what is this? | C90: Relieve tension from within the body and mind. Systematically tensing and relaxing muscles of the body | D90: Impulse control disorders and non-substance addictive disorder | E90: Treatment
A91: 90 | B91: What is involved in the first stage of imaginal desensitisation (impulse control disorders)? | C91: Therapist teaches a progressive muscle relaxation procedure | D91: Impulse control disorders and non-substance addictive disorder | E91: Treatment
A92: 91 | B92: For individuals with gambling impulses, what was reduced as a result of imaginal desensitisation? | C92: Decrease arousal and anxiety levels | D92: Impulse control disorders and non-substance addictive disorder | E92: Treatment
A93: 92 | B93: What was the scale used for impulse control therapy (Miller)? | C93: Positive feelings scale | D93: Impulse control disorders and non-substance addictive disorder | E93: Treatment
A94: 93 | B94: What is eye movement desensitisation and reprocessing (EDMR) (impulse control disorders)? | C94: Individual recalls problem behaviour or memories while the therapist directs their eye movement in one of several patterns, using their hands or other stimuli | D94: Impulse control disorders and non-substance addictive disorder | E94: Treatment
A95: 94 | B95: What are some of the symptoms of generalised anxiety disorder? | C95: E.g., irrational worry, headaches, nausea, panic attacks | D95: Anxiety disorders | E95: Characteristics
A96: 95 | B96: What is a phobia? | C96: Persistent fear if an object/situation in which the sufferer does anything possible to avoid the feared object | D96: Anxiety disorders | E96: Characteristics
A97: 96 | B97: What is agoraphobia? | C97: Fear of public spaces | D97: Anxiety disorders | E97: Characteristics
... A114: 112 | B114: What does applied tension involve? | C114: Tensing muscles in arms, legs and body for about 10-15 seconds, relaxing and then repeating this procedure | D114: Anxiety disorders | E114: Explanations
A115: 113 | B115: Approximately, what % of people saw improvements in their physiological and behavioural responses to blood (Ost)? | C115: 0.73 | D115: Anxiety disorders | E115: Explanations
A116: 114 | B116: What treatments did Ost and Westling (anxiety disorders) compare in their research? | C116: CBT and applied tension | D116: Anxiety disorders | E116: Explanations
A117: 115 | B117: What did Ost and Westling's study involve and what did they discover (anxiety disorders)? | C117: 12 weekly sessions, CBT group had significant reduction in number of panic attacks (74%), and no relapses | D117: Anxiety disorders | E117: Explanations
A118: 116 | B118: Define obsession | C118: Recurring and persistent thought that interferes with normal behaviour | D118: Obsessive-Compulsive disorders | E118: Characteristics
A119: 117 | B119: Define compulsion | C119: Recurring action a person is forced to enact | D119: Obsessive-Compulsive disorders | E119: Characteristics
A120: 118 | B120: Define OCD | C120: Where irresistible thoughts and actions must be acted on | D120: Obsessive-Compulsive disorders | E120: Characteristics
A121: 119 | B121: What is hoarding? | C121: Pattern of behaviour that is characterised by excessive acquisition and an inability or unwillingness to discard large quantities of objects | D121: Obsessive-Compulsive disorders | E121: Characteristics
A122: 120 | B122: What is body dysmorphic disorder? | C122: Condition marked by an excessive pre-occupation with an imaginary or minor defect in a facial feature or localised part of the body | D122: Obsessive-Compulsive disorders | E122: Characteristics
A123: 121 | B123: Briefly describe the case study of 'Charles' by Rapoport (1989) | C123: 12 years old, Charles began to wash compulsively. Followed same ritual each day and hours to get ready. Prescribed medication and received behavioural management. Charles went onto cope with his disorder | D123: Obsessive-Compulsive disorders | E123: Characteristics
...

Sheet Quiz
E1: Question from bank | F1: Question | G1: Answer | M1: 1 | N1: =RAND() -> 0.042481962
B2: Interleaved Questions | D2: 289 | E2: =INDEX(M$1:(INDIRECT("m"&D$2)),RANK(N1,N$1:(INDIRECT("n"&D$2)))) -> 279 | F2: =VLOOKUP(E2, Questions!A:E, 2, FALSE) -> 0 | G2: =VLOOKUP(E2, Questions!A:E, 3, FALSE) -> 0 | M2: 2 | N2: =RAND() -> 0.70963578
A3: =ROW(A1) -> 1 | E3: =INDEX(M$1:(INDIRECT("m"&D$2)),RANK(N2,N$1:(INDIRECT("n"&D$2)))) -> 86 | F3: =VLOOKUP(E3, Questions!A:E, 2, FALSE) -> What were Grant et al's conclusions from the use of drug therapy to help gamblers? | G3: =VLOOKUP(E3, Questions!A:E, 3, FALSE) -> Those who received the highest dose of opiates showed the greatest reduction in gambling disorder symptoms | M3: 3 | N3: =RAND() -> 0.77908408
A4: =1+(ROW(A1)) -> 2 | E4: =INDEX(M$1:(INDIRECT("m"&D$2)),RANK(N3,N$1:(INDIRECT("n"&D$2)))) -> 60 | F4: =VLOOKUP(E4, Questions!A:E, 2, FALSE) -> How does cognitive restructuring (Beck) begin? | G4: =VLOOKUP(E4, Questions!A:E, 3, FALSE) -> Theory of depression is explained to patient, including cognitive triad | M4: 4 | N4: =RAND() -> 0.76381238
E5: =INDEX(M$1:(INDIRECT("m"&D$2)),RANK(N4,N$1:(INDIRECT("n"&D$2)))) -> 68 | F5: =VLOOKUP(E5, Questions!A:E, 2, FALSE) -> One of the strengths of Ellis' REBT model is that it considers situational variables, how does it consider them? | G5: =VLOOKUP(E5, Questions!A:E, 3, FALSE) -> Negative activating events in one's life can trigger irrational beliefs, meaning depression can be treated only when we consider we react to situational variables | M5: 5 | N5: =RAND() -> 0.36255542
E6: =INDEX(M$1:(INDIRECT("m"&D$2)),RANK(N5,N$1:(INDIRECT("n"&D$2)))) -> 182 | F6: =VLOOKUP(E6, Questions!A:E, 2, FALSE) -> What are the four main qualities of effective followers according to Kelley (leaders and followers)? | G6: =VLOOKUP(E6, Questions!A:E, 3, FALSE) -> Self-management, commitment, competence, courage | M6: 6 | N6: =RAND() -> 0.45650274
B7: Topic Questions | C7: 1 | D7: 140 | E7: =INDEX((INDIRECT("m"&C7)):(INDIRECT("m"&D7)),RANK((INDIRECT("n"&C7)),(INDIRECT("n"&C7)):(INDIRECT("n"&D7)))) -> 137 | F7: =VLOOKUP(E7, Questions!A:E, 2, FALSE) -> How many participants were there in Lovell et al's research into the use of CBT in treating OCD? | G7: =VLOOKUP(E7, Questions!A:E, 3, FALSE) -> 72 | M7: 7 | N7: =RAND() -> 0.16988297
E8: =INDEX((INDIRECT("m"&C7)):(INDIRECT("m"&D7)),RANK((INDIRECT("n"&C7+1)),(INDIRECT("n"&C7)):(INDIRECT("n"&D7)))) -> 34 | F8: =VLOOKUP(E8, Questions!A:E, 2, FALSE) -> In Sensky et al's study of CBT, the control group engaged in a session where they had discussions about hobbies, sports and current affairs - what was this called? | G8: =VLOOKUP(E8, Questions!A:E, 3, FALSE) -> Befriending sessions | M8: 8 | N8: =RAND() -> 0.22812384
E9: =INDEX((INDIRECT("m"&C7)):(INDIRECT("m"&D7)),RANK((INDIRECT("n"&C7+2)),(INDIRECT("n"&C7)):(INDIRECT("n"&D7)))) -> 22 | F9: =VLOOKUP(E9, Questions!A:E, 2, FALSE) -> First generation antipsychotics were intended to treat what symptoms of psychosis? | G9: =VLOOKUP(E9, Questions!A:E, 3, FALSE) -> Delusions, hallucinations | M9: 9 | N9: =RAND() -> 0.68654019
E10: =INDEX((INDIRECT("m"&C7)):(INDIRECT("m"&D7)),RANK((INDIRECT("n"&C7+3)),(INDIRECT("n"&C7)):(INDIRECT("n"&D7)))) -> 26 | F10: =VLOOKUP(E10, Questions!A:E, 2, FALSE) -> What are some strengths of using drugs to treat schizophrenia? | G10: =VLOOKUP(E10, Questions!A:E, 3, FALSE) -> Helps restore chemical imbalance, given on a fixed schedule, little effort needed for patient, cheaper than therapy | M10: 10 | N10: =RAND() -> 0.18207708
E11: =INDEX((INDIRECT("m"&C$7)):(INDIRECT("m"&D$7)),RANK((INDIRECT("n"&C$7+4)),(INDIRECT("n"&C$7)):(INDIRECT("n"&D$7)))) -> 89 | F11: =VLOOKUP(E11, Questions!A:E, 2, FALSE) -> Some cognitive-behavioural techniques use muscle relaxation, what is this? | G11: =VLOOKUP(E11, Questions!A:E, 3, FALSE) -> Relieve tension from within the body and mind. Systematically tensing and relaxing muscles of the body | M11: 11 | N11: =RAND() -> 0.45736487
E12: =INDEX((INDIRECT("m"&C$7)):(INDIRECT("m"&D$7)),RANK((INDIRECT("n"&C$7+5)),(INDIRECT("n"&C$7)):(INDIRECT("n"&D$7)))) -> 72 | F12: =VLOOKUP(E12, Questions!A:E, 2, FALSE) -> One of Griffith's components about addiction was conflict, define this | G12: =VLOOKUP(E12, Questions!A:E, 3, FALSE) -> Can occur between the addict and those around them or with the addict themselves. They may compromise personal relationships, their work or education and other social activities | M12: 12 | N12: =RAND() -> 0.63131146
E13: =INDEX((INDIRECT("m"&C$7)):(INDIRECT("m"&D$7)),RANK((INDIRECT("n"&C$7+6)),(INDIRECT("n"&C$7)):(INDIRECT("n"&D$7)))) -> 124 | F13: =VLOOKUP(E13, Questions!A:E, 2, FALSE) -> How many questions are on the MOCI? | G13: =VLOOKUP(E13, Questions!A:E, 3, FALSE) -> 30 (four sub-scales): checking, cleaning, slowness, doubting | M13: 13 | N13: =RAND() -> 0.12503818
E14: =INDEX((INDIRECT("m"&C$7)):(INDIRECT("m"&D$7)),RANK((INDIRECT("n"&C$7+7)),(INDIRECT("n"&C$7)):(INDIRECT("n"&D$7)))) -> 112 | F14: =VLOOKUP(E14, Questions!A:E, 2, FALSE) -> What does applied tension involve? | G14: =VLOOKUP(E14, Questions!A:E, 3, FALSE) -> Tensing muscles in arms, legs and body for about 10-15 seconds, relaxing and then repeating this procedure | M14: 14 | N14: =RAND() -> 0.46837536
E15: =INDEX((INDIRECT("m"&C$7)):(INDIRECT("m"&D$7)),RANK((INDIRECT("n"&C$7+8)),(INDIRECT("n"&C$7)):(INDIRECT("n"&D$7)))) -> 37 | F15: =VLOOKUP(E15, Questions!A:E, 2, FALSE) -> What are some features of depressive episodes? | G15: =VLOOKUP(E15, Questions!A:E, 3, FALSE) -> Loss of energy, continual urges to cry, difficulty sleeping, difficulty concentrating | M15: 15 | N15: =RAND() -> 0.50287533
E16: =INDEX((INDIRECT("m"&C$7)):(INDIRECT("m"&D$7)),RANK((INDIRECT("n"&C$7+9)),(INDIRECT("n"&C$7)):(INDIRECT("n"&D$7)))) -> 121 | F16: =VLOOKUP(E16, Questions!A:E, 2, FALSE) -> Briefly describe the case study of 'Charles' by Rapoport (1989) | G16: =VLOOKUP(E16, Questions!A:E, 3, FALSE) -> 12 years old, Charles began to wash compulsively. Followed same ritual each day and hours to get ready. Prescribed medication and received behavioural management. Charles went onto cope with his disorder | M16: 16 | N16: =RAND() -> 0.32958538
M17: 17 | N17: =RAND() -> 0.87184999
M18: 18 | N18: =RAND() -> 0.26705254
M19: 19 | N19: =RAND() -> 0.28373628
M20: 20 | N20: =RAND() -> 0.1902272
M21: 21 | N21: =RAND() -> 0.74296421
M22: 22 | N22: =RAND() -> 0.38162495
M23: 23 | N23: =RAND() -> 0.64793381
M24: 24 | N24: =RAND() -> 0.22586233
M25: 25 | N25: =RAND() -> 0.90939874
M26: 26 | N26: =RAND() -> 0.93687595
M27: 27 | N27: =RAND() -> 0.25579426
M28: 28 | N28: =RAND() -> 0.70620864
... M516: 516 | N516: =RAND() -> 0.90786553

Sheet For board
A1: 1 | B1: =Quiz!F7 -> How many participants were there in Lovell et al's research into the use of CBT in treating OCD?
A2: 2 | B2: =Quiz!F8 -> In Sensky et al's study of CBT, the control group engaged in a session where they had discussions about hobbies, sports and current affairs - what was this called?
A3: 3 | B3: =Quiz!F9 -> First generation antipsychotics were intended to treat what symptoms of psychosis?
A4: 4 | B4: =Quiz!F10 -> What are some strengths of using drugs to treat schizophrenia?
A5: 5 | B5: =Quiz!F11 -> Some cognitive-behavioural techniques use muscle relaxation, what is this?
A6: 6 | B6: =Quiz!F12 -> One of Griffith's components about addiction was conflict, define this
A7: 7 | B7: =Quiz!F13 -> How many questions are on the MOCI?
A8: 8 | B8: =Quiz!F14 -> What does applied tension involve?
A9: 9 | B9: =Quiz!F15 -> What are some features of depressive episodes?
A10: 10 | B10: =Quiz!F16 -> Briefly describe the case study of 'Charles' by Rapoport (1989)

Sheet Battleships 6x6
P1: A | Q1: B | R1: C | S1: D | T1: E | U1: F | AB1: A | AC1: B | AD1: C | AE1: D | AF1: E | AG1: F
B2: Interleaved Questions | D2: =Questions!G1 -> 20 | E2: =IFERROR(RANDBETWEEN(1, D2), "") -> 9 | F2: =IFERROR(RANDBETWEEN(1, D2), "") -> 14 | G2: =IFERROR(RANDBETWEEN(C3, D3), "") -> 1 | H2: =IFERROR(RANDBETWEEN(1, D2), "") -> 14 | I2: =IFERROR(RANDBETWEEN(1, D2), "") -> 18 | J2: =IFERROR(RANDBETWEEN(1, D2), "") -> 10 | K2: =IFERROR(RANDBETWEEN(1, D2), "") -> 15 | L2: =IFERROR(RANDBETWEEN(1, D2), "") -> 14 | O2: 1 | P2: =VLOOKUP(E2, Questions!A:E, 2, FALSE) -> Why might schizophrenia be difficult to diagnose? | Q2: =VLOOKUP(F2, Questions!A:E, 2, FALSE) -> What is the link between Parkinson’s disease and schizophrenia in terms of treatments? | R2: =VLOOKUP(G2, Questions!A:E, 2, FALSE) -> What was schizophrenia first called? | S2: =VLOOKUP(H2, Questions!A:E, 2, FALSE) -> What is the link between Parkinson’s disease and schizophrenia in terms of treatments? | T2: =VLOOKUP(I2, Questions!A:E, 2, FALSE) -> Incoherent speech is a positive symptom of schizophrenia. T/F. | U2: =VLOOKUP(J2, Questions!A:E, 2, FALSE) -> What does the term persecutory hallucinations mean? | AA2: 1 | AB2: =VLOOKUP(E2, Questions!A:E, 3, FALSE) -> Other disorders may have similar symptoms | AC2: =VLOOKUP(F2, Questions!A:E, 3, FALSE) -> Some drug treatments are used to treat the symptoms of schizophrenia. People with Parkinson’s disease have low levels of dopamine. | AD2: =VLOOKUP(G2, Questions!A:E, 3, FALSE) -> What was schizophrenia first called? ‘dementia praecox’ (premature dementia) | AE2: =VLOOKUP(H2, Questions!A:E, 3, FALSE) -> Some drug treatments are used to treat the symptoms of schizophrenia. People with Parkinson’s disease have low levels of dopamine. | AF2: =VLOOKUP(I2, Questions!A:E, 3, FALSE) -> TRUE | AG2: =VLOOKUP(J2, Questions!A:E, 3, FALSE) -> Belief that someone is chasing you/pursuing you_x000D_ | AI2: Answers for ID:
B3: Topic Questions | C3: =Questions!G2 -> 1 | D3: =Questions!G3 -> 20 | E3: =IFERROR(RANDBETWEEN(1, D2), "") -> 15 | F3: =IFERROR(RANDBETWEEN(1, D2), "") -> 3 | G3: =IFERROR(RANDBETWEEN(1, D2), "") -> 1 | H3: =IFERROR(RANDBETWEEN(1, D2), "") -> 16 | I3: =IFERROR(RANDBETWEEN(1, D2), "") -> 16 | J3: =IFERROR(RANDBETWEEN(C3, D3), "") -> 10 | K3: =IFERROR(RANDBETWEEN(1, D2), "") -> 19 | L3: =IFERROR(RANDBETWEEN(1, D2), "") -> 11 | O3: 2 | P3: =VLOOKUP(E3, Questions!A:E, 2, FALSE) -> What does a PET scan do? | Q3: =VLOOKUP(F3, Questions!A:E, 2, FALSE) -> Describe the diagnostic type ‘catatonic’ | R3: =VLOOKUP(G3, Questions!A:E, 2, FALSE) -> What was schizophrenia first called? | S3: =VLOOKUP(H3, Questions!A:E, 2, FALSE) -> What was taken up faster in schizophrenics indicating that they produce more dopamine? | T3: =VLOOKUP(I3, Questions!A:E, 2, FALSE) -> What was taken up faster in schizophrenics indicating that they produce more dopamine? | U3: =VLOOKUP(J3, Questions!A:E, 2, FALSE) -> What does the term persecutory hallucinations mean? | AA3: 2 | AB3: =VLOOKUP(E3, Questions!A:E, 3, FALSE) -> Imaging scan to test for diseases of the body. A special dye is injected/swallowed that contains radioactive tracers. | AC3: =VLOOKUP(F3, Questions!A:E, 3, FALSE) -> Person may not react to things in the environment and remain rigid and unmoving in awkward poses… | AD3: =VLOOKUP(G3, Questions!A:E, 3, FALSE) -> What was schizophrenia first called? ‘dementia praecox’ (premature dementia) | AE3: =VLOOKUP(H3, Questions!A:E, 3, FALSE) -> L-DOPA | AF3: =VLOOKUP(I3, Questions!A:E, 3, FALSE) -> L-DOPA | AG3: =VLOOKUP(J3, Questions!A:E, 3, FALSE) -> Belief that someone is chasing you/pursuing you_x000D_ | AI3: =W5 -> 59
E4: =IFERROR(RANDBETWEEN(1, D2), "") -> 18 | F4: =IFERROR(RANDBETWEEN(1, D2), "") -> 2 | G4: =IFERROR(RANDBETWEEN(1, D2), "") -> 12 | H4: =IFERROR(RANDBETWEEN(1, D2), "") -> 13 | I4: =IFERROR(RANDBETWEEN(1, D2), "") -> 8 | J4: =IFERROR(RANDBETWEEN(1, D2), "") -> 10 | K4: =IFERROR(RANDBETWEEN(1, D2), "") -> 19 | L4: =IFERROR(RANDBETWEEN(C3, D3), "") -> 15 | O4: 3 | P4: =VLOOKUP(E4, Questions!A:E, 2, FALSE) -> Incoherent speech is a positive symptom of schizophrenia. T/F. | Q4: =VLOOKUP(F4, Questions!A:E, 2, FALSE) -> How many diagnostic types are there? | R4: =VLOOKUP(G4, Questions!A:E, 2, FALSE) -> What does the term concordance rate mean? | S4: =VLOOKUP(H4, Questions!A:E, 2, FALSE) -> According to the dopamine hypothesis, schizophrenia is caused by the lack of sensitivity in a person’s dopamine receptors. T/F. | T4: =VLOOKUP(I4, Questions!A:E, 2, FALSE) -> Why might the DSM and ICD be culturally bias? | U4: =VLOOKUP(J4, Questions!A:E, 2, FALSE) -> What does the term persecutory hallucinations mean? | W4: Quiz ID: | AA4: 3 | AB4: =VLOOKUP(E4, Questions!A:E, 3, FALSE) -> TRUE | AC4: =VLOOKUP(F4, Questions!A:E, 3, FALSE) -> 5 | AD4: =VLOOKUP(G4, Questions!A:E, 3, FALSE) -> Whether twins share the same trait or not. | AE4: =VLOOKUP(H4, Questions!A:E, 3, FALSE) -> TRUE | AF4: =VLOOKUP(I4, Questions!A:E, 3, FALSE) -> Developed in western society | AG4: =VLOOKUP(J4, Questions!A:E, 3, FALSE) -> Belief that someone is chasing you/pursuing you_x000D_
E5: =IFERROR(RANDBETWEEN(C3, D3), "") -> 14 | F5: =IFERROR(RANDBETWEEN(1, D2), "") -> 14 | G5: =IFERROR(RANDBETWEEN(1, D2), "") -> 20 | H5: =IFERROR(RANDBETWEEN(1, D2), "") -> 7 | I5: =IFERROR(RANDBETWEEN(1, D2), "") -> 19 | J5: =IFERROR(RANDBETWEEN(1, D2), "") -> 6 | K5: =IFERROR(RANDBETWEEN(1, D2), "") -> 11 | L5: =IFERROR(RANDBETWEEN(1, D2), "") -> 8 | O5: 4 | P5: =VLOOKUP(E5, Questions!A:E, 2, FALSE) -> What is the link between Parkinson’s disease and schizophrenia in terms of treatments? | Q5: =VLOOKUP(F5, Questions!A:E, 2, FALSE) -> What is the link between Parkinson’s disease and schizophrenia in terms of treatments? | R5: =VLOOKUP(G5, Questions!A:E, 2, FALSE) -> Briefly describe how Frith conducted his experiment. | S5: =VLOOKUP(H5, Questions!A:E, 2, FALSE) -> Identify two examples of negative symptoms of schizophrenia. | T5: =VLOOKUP(I5, Questions!A:E, 2, FALSE) -> What qualitative data was collected in Gottesman and Shield’s study? | U5: =VLOOKUP(J5, Questions!A:E, 2, FALSE) -> Identify two examples of positive symptoms of schizophrenia | W5: =RANDBETWEEN(1,200) -> 59 | AA5: 4 | AB5: =VLOOKUP(E5, Questions!A:E, 3, FALSE) -> Some drug treatments are used to treat the symptoms of schizophrenia. People with Parkinson’s disease have low levels of dopamine. | AC5: =VLOOKUP(F5, Questions!A:E, 3, FALSE) -> Some drug treatments are used to treat the symptoms of schizophrenia. People with Parkinson’s disease have low levels of dopamine. | AD5: =VLOOKUP(G5, Questions!A:E, 3, FALSE) -> Asked schizophrenics to decide whether items that had been read out loud were done themselves, an experimenter or a computer | AE5: =VLOOKUP(H5, Questions!A:E, 3, FALSE) -> Poverty of speech, withdrawal from society, flattening of mood | AF5: =VLOOKUP(I5, Questions!A:E, 3, FALSE) -> Interviews | AG5: =VLOOKUP(J5, Questions!A:E, 3, FALSE) -> Hallucinations, delusions of grandeur, insertion of thoughts
E6: =IFERROR(RANDBETWEEN(1, D2), "") -> 10 | F6: =IFERROR(RANDBETWEEN(1, D2), "") -> 15 | G6: =IFERROR(RANDBETWEEN(1, D2), "") -> 14 | H6: =IFERROR(RANDBETWEEN(1, D2), "") -> 4 | I6: =IFERROR(RANDBETWEEN(1, D2), "") -> 1 | J6: =IFERROR(RANDBETWEEN(1, D2), "") -> 17 | K6: =IFERROR(RANDBETWEEN(C3, D3), "") -> 15 | L6: =IFERROR(RANDBETWEEN(1, D2), "") -> 4 | O6: 5 | P6: =VLOOKUP(E6, Questions!A:E, 2, FALSE) -> What does the term persecutory hallucinations mean? | Q6: =VLOOKUP(F6, Questions!A:E, 2, FALSE) -> What does a PET scan do? | R6: =VLOOKUP(G6, Questions!A:E, 2, FALSE) -> What is the link between Parkinson’s disease and schizophrenia in terms of treatments? | S6: =VLOOKUP(H6, Questions!A:E, 2, FALSE) -> According to the DSM, symptoms should present themselves for at least how long? | T6: =VLOOKUP(I6, Questions!A:E, 2, FALSE) -> What was schizophrenia first called? | U6: =VLOOKUP(J6, Questions!A:E, 2, FALSE) -> What does Frith describe schizophrenia as being ‘abnormality of…’ | AA6: 5 | AB6: =VLOOKUP(E6, Questions!A:E, 3, FALSE) -> Belief that someone is chasing you/pursuing you_x000D_ | AC6: =VLOOKUP(F6, Questions!A:E, 3, FALSE) -> Imaging scan to test for diseases of the body. A special dye is injected/swallowed that contains radioactive tracers. | AD6: =VLOOKUP(G6, Questions!A:E, 3, FALSE) -> Some drug treatments are used to treat the symptoms of schizophrenia. People with Parkinson’s disease have low levels of dopamine. | AE6: =VLOOKUP(H6, Questions!A:E, 3, FALSE) -> 1 month | AF6: =VLOOKUP(I6, Questions!A:E, 3, FALSE) -> What was schizophrenia first called? ‘dementia praecox’ (premature dementia) | AG6: =VLOOKUP(J6, Questions!A:E, 3, FALSE) -> Self-monitoring
E7: =IFERROR(RANDBETWEEN(1, D2), "") -> 2 | F7: =IFERROR(RANDBETWEEN(1, D2), "") -> 2 | G7: =IFERROR(RANDBETWEEN(C3, D3), "") -> 11 | H7: =IFERROR(RANDBETWEEN(1, D2), "") -> 19 | I7: =IFERROR(RANDBETWEEN(1, D2), "") -> 8 | J7: =IFERROR(RANDBETWEEN(1, D2), "") -> 16 | K7: =IFERROR(RANDBETWEEN(1, D2), "") -> 20 | L7: =IFERROR(RANDBETWEEN(1, D2), "") -> 16 | O7: 6 | P7: =VLOOKUP(E7, Questions!A:E, 2, FALSE) -> How many diagnostic types are there? | Q7: =VLOOKUP(F7, Questions!A:E, 2, FALSE) -> How many diagnostic types are there? | R7: =VLOOKUP(G7, Questions!A:E, 2, FALSE) -> What do the terms MZ and DZ stand for? | S7: =VLOOKUP(H7, Questions!A:E, 2, FALSE) -> What qualitative data was collected in Gottesman and Shield’s study? | T7: =VLOOKUP(I7, Questions!A:E, 2, FALSE) -> Why might the DSM and ICD be culturally bias? | U7: =VLOOKUP(J7, Questions!A:E, 2, FALSE) -> What was taken up faster in schizophrenics indicating that they produce more dopamine? | AA7: 6 | AB7: =VLOOKUP(E7, Questions!A:E, 3, FALSE) -> 5 | AC7: =VLOOKUP(F7, Questions!A:E, 3, FALSE) -> 5 | AD7: =VLOOKUP(G7, Questions!A:E, 3, FALSE) -> Monozygotic (identical), Dizygotic (non-identical/fraternal) twins | AE7: =VLOOKUP(H7, Questions!A:E, 3, FALSE) -> Interviews | AF7: =VLOOKUP(I7, Questions!A:E, 3, FALSE) -> Developed in western society | AG7: =VLOOKUP(J7, Questions!A:E, 3, FALSE) -> L-DOPA

Sheet Battleships 5x5
P1: A | Q1: B | R1: C | S1: D | T1: E | AA1: A | AB1: B | AC1: C | AD1: D | AE1: E
B2: Interleaved Questions | D2: =Questions!G1 -> 20 | E2: =IFERROR(RANDBETWEEN(1, D2), "") -> 19 | F2: =IFERROR(RANDBETWEEN(1, D2), "") -> 9 | G2: =IFERROR(RANDBETWEEN(C3, D3), "") -> 7 | H2: =IFERROR(RANDBETWEEN(1, D2), "") -> 9 | I2: =IFERROR(RANDBETWEEN(1, D2), "") -> 13 | J2: =IFERROR(RANDBETWEEN(1, D2), "") -> 9 | K2: =IFERROR(RANDBETWEEN(1, D2), "") -> 5 | L2: =IFERROR(RANDBETWEEN(1, D2), "") -> 4 | O2: 1 | P2: =VLOOKUP(E2, Questions!A:E, 2, FALSE) -> What qualitative data was collected in Gottesman and Shield’s study? | Q2: =VLOOKUP(F2, Questions!A:E, 2, FALSE) -> Why might schizophrenia be difficult to diagnose? | R2: =VLOOKUP(G2, Questions!A:E, 2, FALSE) -> Identify two examples of negative symptoms of schizophrenia. | S2: =VLOOKUP(H2, Questions!A:E, 2, FALSE) -> Why might schizophrenia be difficult to diagnose? | T2: =VLOOKUP(I2, Questions!A:E, 2, FALSE) -> According to the dopamine hypothesis, schizophrenia is caused by the lack of sensitivity in a person’s dopamine receptors. T/F. | Z2: 1 | AA2: =VLOOKUP(E2, Questions!A:E, 3, FALSE) -> Interviews | AB2: =VLOOKUP(F2, Questions!A:E, 3, FALSE) -> Other disorders may have similar symptoms | AC2: =VLOOKUP(G2, Questions!A:E, 3, FALSE) -> Poverty of speech, withdrawal from society, flattening of mood | AD2: =VLOOKUP(H2, Questions!A:E, 3, FALSE) -> Other disorders may have similar symptoms | AE2: =VLOOKUP(I2, Questions!A:E, 3, FALSE) -> TRUE
B3: Topic Questions | C3: =Questions!G2 -> 1 | D3: =Questions!G3 -> 20 | E3: =IFERROR(RANDBETWEEN(1, D2), "") -> 17 | F3: =IFERROR(RANDBETWEEN(1, D2), "") -> 18 | G3: =IFERROR(RANDBETWEEN(1, D2), "") -> 4 | H3: =IFERROR(RANDBETWEEN(1, D2), "") -> 15 | I3: =IFERROR(RANDBETWEEN(1, D2), "") -> 3 | J3: =IFERROR(RANDBETWEEN(C3, D3), "") -> 14 | K3: =IFERROR(RANDBETWEEN(1, D2), "") -> 6 | L3: =IFERROR(RANDBETWEEN(1, D2), "") -> 16 | O3: 2 | P3: =VLOOKUP(E3, Questions!A:E, 2, FALSE) -> What does Frith describe schizophrenia as being ‘abnormality of…’ | Q3: =VLOOKUP(F3, Questions!A:E, 2, FALSE) -> Incoherent speech is a positive symptom of schizophrenia. T/F. | R3: =VLOOKUP(G3, Questions!A:E, 2, FALSE) -> According to the DSM, symptoms should present themselves for at least how long? | S3: =VLOOKUP(H3, Questions!A:E, 2, FALSE) -> What does a PET scan do? | T3: =VLOOKUP(I3, Questions!A:E, 2, FALSE) -> Describe the diagnostic type ‘catatonic’ | Z3: 2 | AA3: =VLOOKUP(E3, Questions!A:E, 3, FALSE) -> Self-monitoring | AB3: =VLOOKUP(F3, Questions!A:E, 3, FALSE) -> TRUE | AC3: =VLOOKUP(G3, Questions!A:E, 3, FALSE) -> 1 month | AD3: =VLOOKUP(H3, Questions!A:E, 3, FALSE) -> Imaging scan to test for diseases of the body. A special dye is injected/swallowed that contains radioactive tracers. | AE3: =VLOOKUP(I3, Questions!A:E, 3, FALSE) -> Person may not react to things in the environment and remain rigid and unmoving in awkward poses… | AG3: Answers for ID:
E4: =IFERROR(RANDBETWEEN(1, D2), "") -> 1 | F4: =IFERROR(RANDBETWEEN(1, D2), "") -> 18 | G4: =IFERROR(RANDBETWEEN(1, D2), "") -> 18 | H4: =IFERROR(RANDBETWEEN(1, D2), "") -> 2 | I4: =IFERROR(RANDBETWEEN(1, D2), "") -> 19 | J4: =IFERROR(RANDBETWEEN(1, D2), "") -> 10 | K4: =IFERROR(RANDBETWEEN(1, D2), "") -> 3 | L4: =IFERROR(RANDBETWEEN(C3, D3), "") -> 5 | O4: 3 | P4: =VLOOKUP(E4, Questions!A:E, 2, FALSE) -> What was schizophrenia first called? | Q4: =VLOOKUP(F4, Questions!A:E, 2, FALSE) -> Incoherent speech is a positive symptom of schizophrenia. T/F. | R4: =VLOOKUP(G4, Questions!A:E, 2, FALSE) -> Incoherent speech is a positive symptom of schizophrenia. T/F. | S4: =VLOOKUP(H4, Questions!A:E, 2, FALSE) -> How many diagnostic types are there? | T4: =VLOOKUP(I4, Questions!A:E, 2, FALSE) -> What qualitative data was collected in Gottesman and Shield’s study? | V4: Quiz ID: | Z4: 3 | AA4: =VLOOKUP(E4, Questions!A:E, 3, FALSE) -> What was schizophrenia first called? ‘dementia praecox’ (premature dementia) | AB4: =VLOOKUP(F4, Questions!A:E, 3, FALSE) -> TRUE | AC4: =VLOOKUP(G4, Questions!A:E, 3, FALSE) -> TRUE | AD4: =VLOOKUP(H4, Questions!A:E, 3, FALSE) -> 5 | AE4: =VLOOKUP(I4, Questions!A:E, 3, FALSE) -> Interviews | AG4: =V5 -> 147
E5: =IFERROR(RANDBETWEEN(C3, D3), "") -> 13 | F5: =IFERROR(RANDBETWEEN(1, D2), "") -> 8 | G5: =IFERROR(RANDBETWEEN(1, D2), "") -> 12 | H5: =IFERROR(RANDBETWEEN(1, D2), "") -> 10 | I5: =IFERROR(RANDBETWEEN(1, D2), "") -> 10 | J5: =IFERROR(RANDBETWEEN(1, D2), "") -> 4 | K5: =IFERROR(RANDBETWEEN(1, D2), "") -> 12 | L5: =IFERROR(RANDBETWEEN(1, D2), "") -> 8 | O5: 4 | P5: =VLOOKUP(E5, Questions!A:E, 2, FALSE) -> According to the dopamine hypothesis, schizophrenia is caused by the lack of sensitivity in a person’s dopamine receptors. T/F. | Q5: =VLOOKUP(F5, Questions!A:E, 2, FALSE) -> Why might the DSM and ICD be culturally bias? | R5: =VLOOKUP(G5, Questions!A:E, 2, FALSE) -> What does the term concordance rate mean? | S5: =VLOOKUP(H5, Questions!A:E, 2, FALSE) -> What does the term persecutory hallucinations mean? | T5: =VLOOKUP(I5, Questions!A:E, 2, FALSE) -> What does the term persecutory hallucinations mean? | V5: =RANDBETWEEN(1,200) -> 147 | Z5: 4 | AA5: =VLOOKUP(E5, Questions!A:E, 3, FALSE) -> TRUE | AB5: =VLOOKUP(F5, Questions!A:E, 3, FALSE) -> Developed in western society | AC5: =VLOOKUP(G5, Questions!A:E, 3, FALSE) -> Whether twins share the same trait or not. | AD5: =VLOOKUP(H5, Questions!A:E, 3, FALSE) -> Belief that someone is chasing you/pursuing you_x000D_ | AE5: =VLOOKUP(I5, Questions!A:E, 3, FALSE) -> Belief that someone is chasing you/pursuing you_x000D_
E6: =IFERROR(RANDBETWEEN(1, D2), "") -> 6 | F6: =IFERROR(RANDBETWEEN(1, D2), "") -> 2 | G6: =IFERROR(RANDBETWEEN(1, D2), "") -> 9 | H6: =IFERROR(RANDBETWEEN(1, D2), "") -> 7 | I6: =IFERROR(RANDBETWEEN(1, D2), "") -> 20 | J6: =IFERROR(RANDBETWEEN(1, D2), "") -> 4 | K6: =IFERROR(RANDBETWEEN(C3, D3), "") -> 5 | L6: =IFERROR(RANDBETWEEN(1, D2), "") -> 20 | O6: 5 | P6: =VLOOKUP(E6, Questions!A:E, 2, FALSE) -> Identify two examples of positive symptoms of schizophrenia | Q6: =VLOOKUP(F6, Questions!A:E, 2, FALSE) -> How many diagnostic types are there? | R6: =VLOOKUP(G6, Questions!A:E, 2, FALSE) -> Why might schizophrenia be difficult to diagnose? | S6: =VLOOKUP(H6, Questions!A:E, 2, FALSE) -> Identify two examples of negative symptoms of schizophrenia. | T6: =VLOOKUP(I6, Questions!A:E, 2, FALSE) -> Briefly describe how Frith conducted his experiment. | Z6: 5 | AA6: =VLOOKUP(E6, Questions!A:E, 3, FALSE) -> Hallucinations, delusions of grandeur, insertion of thoughts | AB6: =VLOOKUP(F6, Questions!A:E, 3, FALSE) -> 5 | AC6: =VLOOKUP(G6, Questions!A:E, 3, FALSE) -> Other disorders may have similar symptoms | AD6: =VLOOKUP(H6, Questions!A:E, 3, FALSE) -> Poverty of speech, withdrawal from society, flattening of mood | AE6: =VLOOKUP(I6, Questions!A:E, 3, FALSE) -> Asked schizophrenics to decide whether items that had been read out loud were done themselves, an experimenter or a computer

Sheet Blockbusters
L1: A | M1: B | N1: C | O1: D | P1: E | AD1: Quiz ID: | AE1: =RANDBETWEEN(1,200) -> 5 | AR1: Answer ID: | AS1: =AE1 -> 5 | AU1: A | AV1: B | AW1: C | AX1: D | AY1: E
B2: Interleaved Questions | D2: =Questions!G1 -> 20 | E2: =IFERROR(RANDBETWEEN(1, D2), "") -> 14 | F2: =IFERROR(RANDBETWEEN(1, D2), "") -> 16 | G2: =IFERROR(RANDBETWEEN(C3, D3), "") -> 2 | H2: =IFERROR(RANDBETWEEN(1, D2), "") -> 16 | I2: =IFERROR(RANDBETWEEN(1, D2), "") -> 4 | K2: 1 | L2: =VLOOKUP(E2, Questions!A:E, 2, FALSE) -> What is the link between Parkinson’s disease and schizophrenia in terms of treatments? | M2: =VLOOKUP(F2, Questions!A:E, 2, FALSE) -> What was taken up faster in schizophrenics indicating that they produce more dopamine? | N2: =VLOOKUP(G2, Questions!A:E, 2, FALSE) -> How many diagnostic types are there? | O2: =VLOOKUP(H2, Questions!A:E, 2, FALSE) -> What was taken up faster in schizophrenics indicating that they produce more dopamine? | P2: =VLOOKUP(I2, Questions!A:E, 2, FALSE) -> According to the DSM, symptoms should present themselves for at least how long? | AT2: 1 | AU2: =VLOOKUP(E2, Questions!A:E, 3, FALSE) -> Some drug treatments are used to treat the symptoms of schizophrenia. People with Parkinson’s disease have low levels of dopamine. | AV2: =VLOOKUP(F2, Questions!A:E, 3, FALSE) -> L-DOPA | AW2: =VLOOKUP(G2, Questions!A:E, 3, FALSE) -> 5 | AX2: =VLOOKUP(H2, Questions!A:E, 3, FALSE) -> L-DOPA | AY2: =VLOOKUP(I2, Questions!A:E, 3, FALSE) -> 1 month
B3: Topic Questions | C3: =Questions!G2 -> 1 | D3: =Questions!G3 -> 20 | E3: =IFERROR(RANDBETWEEN(1, D2), "") -> 5 | F3: =IFERROR(RANDBETWEEN(C3, D3), "") -> 11 | G3: =IFERROR(RANDBETWEEN(1, D2), "") -> 11 | H3: =IFERROR(RANDBETWEEN(1, D2), "") -> 8 | I3: =IFERROR(RANDBETWEEN(1, D2), "") -> 18 | K3: 2 | L3: =VLOOKUP(E3, Questions!A:E, 2, FALSE) -> According to the DSM, how many symptoms should be present for that time period? | M3: =VLOOKUP(F3, Questions!A:E, 2, FALSE) -> What do the terms MZ and DZ stand for? | N3: =VLOOKUP(G3, Questions!A:E, 2, FALSE) -> What do the terms MZ and DZ stand for? | O3: =VLOOKUP(H3, Questions!A:E, 2, FALSE) -> Why might the DSM and ICD be culturally bias? | P3: =VLOOKUP(I3, Questions!A:E, 2, FALSE) -> Incoherent speech is a positive symptom of schizophrenia. T/F. | AT3: 2 | AU3: =VLOOKUP(E3, Questions!A:E, 3, FALSE) -> At least two | AV3: =VLOOKUP(F3, Questions!A:E, 3, FALSE) -> Monozygotic (identical), Dizygotic (non-identical/fraternal) twins | AW3: =VLOOKUP(G3, Questions!A:E, 3, FALSE) -> Monozygotic (identical), Dizygotic (non-identical/fraternal) twins | AX3: =VLOOKUP(H3, Questions!A:E, 3, FALSE) -> Developed in western society | AY3: =VLOOKUP(I3, Questions!A:E, 3, FALSE) -> TRUE
E4: =IFERROR(RANDBETWEEN(1, D2), "") -> 1 | F4: =IFERROR(RANDBETWEEN(1, D2), "") -> 9 | G4: =IFERROR(RANDBETWEEN(1, D2), "") -> 12 | H4: =IFERROR(RANDBETWEEN(C3, D3), "") -> 2 | I4: =IFERROR(RANDBETWEEN(1, D2), "") -> 12 | K4: 3 | L4: =VLOOKUP(E4, Questions!A:E, 2, FALSE) -> What was schizophrenia first called? | M4: =VLOOKUP(F4, Questions!A:E, 2, FALSE) -> Why might schizophrenia be difficult to diagnose? | N4: =VLOOKUP(G4, Questions!A:E, 2, FALSE) -> What does the term concordance rate mean? | O4: =VLOOKUP(H4, Questions!A:E, 2, FALSE) -> How many diagnostic types are there? | P4: =VLOOKUP(I4, Questions!A:E, 2, FALSE) -> What does the term concordance rate mean? | AT4: 3 | AU4: =VLOOKUP(E4, Questions!A:E, 3, FALSE) -> What was schizophrenia first called? ‘dementia praecox’ (premature dementia) | AV4: =VLOOKUP(F4, Questions!A:E, 3, FALSE) -> Other disorders may have similar symptoms | AW4: =VLOOKUP(G4, Questions!A:E, 3, FALSE) -> Whether twins share the same trait or not. | AX4: =VLOOKUP(H4, Questions!A:E, 3, FALSE) -> 5 | AY4: =VLOOKUP(I4, Questions!A:E, 3, FALSE) -> Whether twins share the same trait or not.
E5: =IFERROR(RANDBETWEEN(C3, D3), "") -> 9 | F5: =IFERROR(RANDBETWEEN(1, D2), "") -> 17 | G5: =IFERROR(RANDBETWEEN(1, D2), "") -> 8 | H5: =IFERROR(RANDBETWEEN(1, D2), "") -> 10 | I5: =IFERROR(RANDBETWEEN(1, D2), "") -> 18 | K5: 4 | L5: =VLOOKUP(E5, Questions!A:E, 2, FALSE) -> Why might schizophrenia be difficult to diagnose? | M5: =VLOOKUP(F5, Questions!A:E, 2, FALSE) -> What does Frith describe schizophrenia as being ‘abnormality of…’ | N5: =VLOOKUP(G5, Questions!A:E, 2, FALSE) -> Why might the DSM and ICD be culturally bias? | O5: =VLOOKUP(H5, Questions!A:E, 2, FALSE) -> What does the term persecutory hallucinations mean? | P5: =VLOOKUP(I5, Questions!A:E, 2, FALSE) -> Incoherent speech is a positive symptom of schizophrenia. T/F. | AT5: 4 | AU5: =VLOOKUP(E5, Questions!A:E, 3, FALSE) -> Other disorders may have similar symptoms | AV5: =VLOOKUP(F5, Questions!A:E, 3, FALSE) -> Self-monitoring | AW5: =VLOOKUP(G5, Questions!A:E, 3, FALSE) -> Developed in western society | AX5: =VLOOKUP(H5, Questions!A:E, 3, FALSE) -> Belief that someone is chasing you/pursuing you_x000D_ | AY5: =VLOOKUP(I5, Questions!A:E, 3, FALSE) -> TRUE
E6: =IFERROR(RANDBETWEEN(1, D2), "") -> 15 | F6: =IFERROR(RANDBETWEEN(1,D2), "") -> 5 | G6: =IFERROR(RANDBETWEEN(1, D2), "") -> 15 | H6: =IFERROR(RANDBETWEEN(1, D2), "") -> 3 | I6: =IFERROR(RANDBETWEEN(C3, D3), "") -> 19 | K6: 5 | L6: =VLOOKUP(E6, Questions!A:E, 2, FALSE) -> What does a PET scan do? | M6: =VLOOKUP(F6, Questions!A:E, 2, FALSE) -> According to the DSM, how many symptoms should be present for that time period? | N6: =VLOOKUP(G6, Questions!A:E, 2, FALSE) -> What does a PET scan do? | O6: =VLOOKUP(H6, Questions!A:E, 2, FALSE) -> Describe the diagnostic type ‘catatonic’ | P6: =VLOOKUP(I6, Questions!A:E, 2, FALSE) -> What qualitative data was collected in Gottesman and Shield’s study? | AT6: 5 | AU6: =VLOOKUP(E6, Questions!A:E, 3, FALSE) -> Imaging scan to test for diseases of the body. A special dye is injected/swallowed that contains radioactive tracers. | AV6: =VLOOKUP(F6, Questions!A:E, 3, FALSE) -> At least two | AW6: =VLOOKUP(G6, Questions!A:E, 3, FALSE) -> Imaging scan to test for diseases of the body. A special dye is injected/swallowed that contains radioactive tracers. | AX6: =VLOOKUP(H6, Questions!A:E, 3, FALSE) -> Person may not react to things in the environment and remain rigid and unmoving in awkward poses… | AY6: =VLOOKUP(I6, Questions!A:E, 3, FALSE) -> Interviews

Sheet Connect 4
N1: A | O1: B | P1: C | Q1: D | R1: E | S1: F | T1: G | AE1: Quiz ID: | AF1: =RANDBETWEEN(1,200) -> 98 | AV1: Answer ID: | AW1: =AF1 -> 98 | BG1: A | BH1: B | BI1: C | BJ1: D | BK1: E | BL1: F | BM1: G
B2: Interleaved Questions | D2: =Questions!G1 -> 20 | E2: =IFERROR(RANDBETWEEN(1, D2), "") -> 6 | F2: =IFERROR(RANDBETWEEN(1, D2), "") -> 16 | G2: =IFERROR(RANDBETWEEN(C3, D3), "") -> 14 | H2: =IFERROR(RANDBETWEEN(1, D2), "") -> 5 | I2: =IFERROR(RANDBETWEEN(1, D2), "") -> 5 | J2: =IFERROR(RANDBETWEEN(C3, D3), "") -> 14 | K2: =IFERROR(RANDBETWEEN(1, D2), "") -> 1 | M2: 1 | N2: =VLOOKUP(E2, Questions!A:E, 2, FALSE) -> Identify two examples of positive symptoms of schizophrenia | O2: =VLOOKUP(F2, Questions!A:E, 2, FALSE) -> What was taken up faster in schizophrenics indicating that they produce more dopamine? | P2: =VLOOKUP(G2, Questions!A:E, 2, FALSE) -> What is the link between Parkinson’s disease and schizophrenia in terms of treatments? | Q2: =VLOOKUP(H2, Questions!A:E, 2, FALSE) -> According to the DSM, how many symptoms should be present for that time period? | R2: =VLOOKUP(I2, Questions!A:E, 2, FALSE) -> According to the DSM, how many symptoms should be present for that time period? | S2: =VLOOKUP(J2, Questions!A:E, 2, FALSE) -> What is the link between Parkinson’s disease and schizophrenia in terms of treatments? | T2: =VLOOKUP(K2, Questions!A:E, 2, FALSE) -> What was schizophrenia first called? | BF2: 1 | BG2: =VLOOKUP(E2, Questions!A:E, 3, FALSE) -> Hallucinations, delusions of grandeur, insertion of thoughts | BH2: =VLOOKUP(F2, Questions!A:E, 3, FALSE) -> L-DOPA | BI2: =VLOOKUP(G2, Questions!A:E, 3, FALSE) -> Some drug treatments are used to treat the symptoms of schizophrenia. People with Parkinson’s disease have low levels of dopamine. | BJ2: =VLOOKUP(H2, Questions!A:E, 3, FALSE) -> At least two | BK2: =VLOOKUP(I2, Questions!A:E, 3, FALSE) -> At least two | BL2: =VLOOKUP(J2, Questions!A:E, 3, FALSE) -> Some drug treatments are used to treat the symptoms of schizophrenia. People with Parkinson’s disease have low levels of dopamine. | BM2: =VLOOKUP(K2, Questions!A:E, 3, FALSE) -> What was schizophrenia first called? ‘dementia praecox’ (premature dementia)
B3: Topic Questions | C3: =Questions!G2 -> 1 | D3: =Questions!G3 -> 20 | E3: =IFERROR(RANDBETWEEN(1, D2), "") -> 17 | F3: =IFERROR(RANDBETWEEN(C3, D3), "") -> 17 | G3: =IFERROR(RANDBETWEEN(1, D2), "") -> 17 | H3: =IFERROR(RANDBETWEEN(1, D2), "") -> 15 | I3: =IFERROR(RANDBETWEEN(1, D2), "") -> 1 | J3: =IFERROR(RANDBETWEEN(1, D2), "") -> 20 | K3: =IFERROR(RANDBETWEEN(1, D2), "") -> 7 | M3: 2 | N3: =VLOOKUP(E3, Questions!A:E, 2, FALSE) -> What does Frith describe schizophrenia as being ‘abnormality of…’ | O3: =VLOOKUP(F3, Questions!A:E, 2, FALSE) -> What does Frith describe schizophrenia as being ‘abnormality of…’ | P3: =VLOOKUP(G3, Questions!A:E, 2, FALSE) -> What does Frith describe schizophrenia as being ‘abnormality of…’ | Q3: =VLOOKUP(H3, Questions!A:E, 2, FALSE) -> What does a PET scan do? | R3: =VLOOKUP(I3, Questions!A:E, 2, FALSE) -> What was schizophrenia first called? | S3: =VLOOKUP(J3, Questions!A:E, 2, FALSE) -> Briefly describe how Frith conducted his experiment. | T3: =VLOOKUP(K3, Questions!A:E, 2, FALSE) -> Identify two examples of negative symptoms of schizophrenia. | BF3: 2 | BG3: =VLOOKUP(E3, Questions!A:E, 3, FALSE) -> Self-monitoring | BH3: =VLOOKUP(F3, Questions!A:E, 3, FALSE) -> Self-monitoring | BI3: =VLOOKUP(G3, Questions!A:E, 3, FALSE) -> Self-monitoring | BJ3: =VLOOKUP(H3, Questions!A:E, 3, FALSE) -> Imaging scan to test for diseases of the body. A special dye is injected/swallowed that contains radioactive tracers. | BK3: =VLOOKUP(I3, Questions!A:E, 3, FALSE) -> What was schizophrenia first called? ‘dementia praecox’ (premature dementia) | BL3: =VLOOKUP(J3, Questions!A:E, 3, FALSE) -> Asked schizophrenics to decide whether items that had been read out loud were done themselves, an experimenter or a computer | BM3: =VLOOKUP(K3, Questions!A:E, 3, FALSE) -> Poverty of speech, withdrawal from society, flattening of mood
E4: =IFERROR(RANDBETWEEN(1, D2), "") -> 6 | F4: =IFERROR(RANDBETWEEN(1, D2), "") -> 17 | G4: =IFERROR(RANDBETWEEN(1, D2), "") -> 11 | H4: =IFERROR(RANDBETWEEN(C3, D3), "") -> 14 | I4: =IFERROR(RANDBETWEEN(1, D2), "") -> 10 | J4: =IFERROR(RANDBETWEEN(1, D2), "") -> 15 | K4: =IFERROR(RANDBETWEEN(C3, D3), "") -> 3 | M4: 3 | N4: =VLOOKUP(E4, Questions!A:E, 2, FALSE) -> Identify two examples of positive symptoms of schizophrenia | O4: =VLOOKUP(F4, Questions!A:E, 2, FALSE) -> What does Frith describe schizophrenia as being ‘abnormality of…’ | P4: =VLOOKUP(G4, Questions!A:E, 2, FALSE) -> What do the terms MZ and DZ stand for? | Q4: =VLOOKUP(H4, Questions!A:E, 2, FALSE) -> What is the link between Parkinson’s disease and schizophrenia in terms of treatments? | R4: =VLOOKUP(I4, Questions!A:E, 2, FALSE) -> What does the term persecutory hallucinations mean? | S4: =VLOOKUP(J4, Questions!A:E, 2, FALSE) -> What does a PET scan do? | T4: =VLOOKUP(K4, Questions!A:E, 2, FALSE) -> Describe the diagnostic type ‘catatonic’ | BF4: 3 | BG4: =VLOOKUP(E4, Questions!A:E, 3, FALSE) -> Hallucinations, delusions of grandeur, insertion of thoughts | BH4: =VLOOKUP(F4, Questions!A:E, 3, FALSE) -> Self-monitoring | BI4: =VLOOKUP(G4, Questions!A:E, 3, FALSE) -> Monozygotic (identical), Dizygotic (non-identical/fraternal) twins | BJ4: =VLOOKUP(H4, Questions!A:E, 3, FALSE) -> Some drug treatments are used to treat the symptoms of schizophrenia. People with Parkinson’s disease have low levels of dopamine. | BK4: =VLOOKUP(I4, Questions!A:E, 3, FALSE) -> Belief that someone is chasing you/pursuing you_x000D_ | BL4: =VLOOKUP(J4, Questions!A:E, 3, FALSE) -> Imaging scan to test for diseases of the body. A special dye is injected/swallowed that contains radioactive tracers. | BM4: =VLOOKUP(K4, Questions!A:E, 3, FALSE) -> Person may not react to things in the environment and remain rigid and unmoving in awkward poses…
E5: =IFERROR(RANDBETWEEN(C3, D3), "") -> 11 | F5: =IFERROR(RANDBETWEEN(1, D2), "") -> 19 | G5: =IFERROR(RANDBETWEEN(1, D2), "") -> 15 | H5: =IFERROR(RANDBETWEEN(1, D2), "") -> 1 | I5: =IFERROR(RANDBETWEEN(C3, D3), "") -> 8 | J5: =IFERROR(RANDBETWEEN(1, D2), "") -> 19 | K5: =IFERROR(RANDBETWEEN(1, D2), "") -> 13 | M5: 4 | N5: =VLOOKUP(E5, Questions!A:E, 2, FALSE) -> What do the terms MZ and DZ stand for? | O5: =VLOOKUP(F5, Questions!A:E, 2, FALSE) -> What qualitative data was collected in Gottesman and Shield’s study? | P5: =VLOOKUP(G5, Questions!A:E, 2, FALSE) -> What does a PET scan do? | Q5: =VLOOKUP(H5, Questions!A:E, 2, FALSE) -> What was schizophrenia first called? | R5: =VLOOKUP(I5, Questions!A:E, 2, FALSE) -> Why might the DSM and ICD be culturally bias? | S5: =VLOOKUP(J5, Questions!A:E, 2, FALSE) -> What qualitative data was collected in Gottesman and Shield’s study? | T5: =VLOOKUP(K5, Questions!A:E, 2, FALSE) -> According to the dopamine hypothesis, schizophrenia is caused by the lack of sensitivity in a person’s dopamine receptors. T/F. | BF5: 4 | BG5: =VLOOKUP(E5, Questions!A:E, 3, FALSE) -> Monozygotic (identical), Dizygotic (non-identical/fraternal) twins | BH5: =VLOOKUP(F5, Questions!A:E, 3, FALSE) -> Interviews | BI5: =VLOOKUP(G5, Questions!A:E, 3, FALSE) -> Imaging scan to test for diseases of the body. A special dye is injected/swallowed that contains radioactive tracers. | BJ5: =VLOOKUP(H5, Questions!A:E, 3, FALSE) -> What was schizophrenia first called? ‘dementia praecox’ (premature dementia) | BK5: =VLOOKUP(I5, Questions!A:E, 3, FALSE) -> Developed in western society | BL5: =VLOOKUP(J5, Questions!A:E, 3, FALSE) -> Interviews | BM5: =VLOOKUP(K5, Questions!A:E, 3, FALSE) -> TRUE
E6: =IFERROR(RANDBETWEEN(1, D2), "") -> 7 | F6: =IFERROR(RANDBETWEEN(1, D2), "") -> 9 | G6: =IFERROR(RANDBETWEEN(C3, D3), "") -> 5 | H6: =IFERROR(RANDBETWEEN(1, D2), "") -> 1 | I6: =IFERROR(RANDBETWEEN(1, D2), "") -> 20 | J6: =IFERROR(RANDBETWEEN(1, D2), "") -> 16 | K6: =IFERROR(RANDBETWEEN(1, D2), "") -> 2 | M6: 5 | N6: =VLOOKUP(E6, Questions!A:E, 2, FALSE) -> Identify two examples of negative symptoms of schizophrenia. | O6: =VLOOKUP(F6, Questions!A:E, 2, FALSE) -> Why might schizophrenia be difficult to diagnose? | P6: =VLOOKUP(G6, Questions!A:E, 2, FALSE) -> According to the DSM, how many symptoms should be present for that time period? | Q6: =VLOOKUP(H6, Questions!A:E, 2, FALSE) -> What was schizophrenia first called? | R6: =VLOOKUP(I6, Questions!A:E, 2, FALSE) -> Briefly describe how Frith conducted his experiment. | S6: =VLOOKUP(J6, Questions!A:E, 2, FALSE) -> What was taken up faster in schizophrenics indicating that they produce more dopamine? | T6: =VLOOKUP(K6, Questions!A:E, 2, FALSE) -> How many diagnostic types are there? | BF6: 5 | BG6: =VLOOKUP(E6, Questions!A:E, 3, FALSE) -> Poverty of speech, withdrawal from society, flattening of mood | BH6: =VLOOKUP(F6, Questions!A:E, 3, FALSE) -> Other disorders may have similar symptoms | BI6: =VLOOKUP(G6, Questions!A:E, 3, FALSE) -> At least two | BJ6: =VLOOKUP(H6, Questions!A:E, 3, FALSE) -> What was schizophrenia first called? ‘dementia praecox’ (premature dementia) | BK6: =VLOOKUP(I6, Questions!A:E, 3, FALSE) -> Asked schizophrenics to decide whether items that had been read out loud were done themselves, an experimenter or a computer | BL6: =VLOOKUP(J6, Questions!A:E, 3, FALSE) -> L-DOPA | BM6: =VLOOKUP(K6, Questions!A:E, 3, FALSE) -> 5
E7: =IFERROR(RANDBETWEEN(1, D2), "") -> 20 | F7: =IFERROR(RANDBETWEEN(1, D2), "") -> 8 | G7: =IFERROR(RANDBETWEEN(1, D2), "") -> 4 | H7: =IFERROR(RANDBETWEEN(1, D2), "") -> 1 | I7: =IFERROR(RANDBETWEEN(1, D2), "") -> 17 | J7: =IFERROR(RANDBETWEEN(C3, D3), "") -> 5 | K7: =IFERROR(RANDBETWEEN(1, D2), "") -> 18 | M7: 6 | N7: =VLOOKUP(E7, Questions!A:E, 2, FALSE) -> Briefly describe how Frith conducted his experiment. | O7: =VLOOKUP(F7, Questions!A:E, 2, FALSE) -> Why might the DSM and ICD be culturally bias? | P7: =VLOOKUP(G7, Questions!A:E, 2, FALSE) -> According to the DSM, symptoms should present themselves for at least how long? | Q7: =VLOOKUP(H7, Questions!A:E, 2, FALSE) -> What was schizophrenia first called? | R7: =VLOOKUP(I7, Questions!A:E, 2, FALSE) -> What does Frith describe schizophrenia as being ‘abnormality of…’ | S7: =VLOOKUP(J7, Questions!A:E, 2, FALSE) -> According to the DSM, how many symptoms should be present for that time period? | T7: =VLOOKUP(K7, Questions!A:E, 2, FALSE) -> Incoherent speech is a positive symptom of schizophrenia. T/F. | BF7: 6 | BG7: =VLOOKUP(E7, Questions!A:E, 3, FALSE) -> Asked schizophrenics to decide whether items that had been read out loud were done themselves, an experimenter or a computer | BH7: =VLOOKUP(F7, Questions!A:E, 3, FALSE) -> Developed in western society | BI7: =VLOOKUP(G7, Questions!A:E, 3, FALSE) -> 1 month | BJ7: =VLOOKUP(H7, Questions!A:E, 3, FALSE) -> What was schizophrenia first called? ‘dementia praecox’ (premature dementia) | BK7: =VLOOKUP(I7, Questions!A:E, 3, FALSE) -> Self-monitoring | BL7: =VLOOKUP(J7, Questions!A:E, 3, FALSE) -> At least two | BM7: =VLOOKUP(K7, Questions!A:E, 3, FALSE) -> TRUE

Sheet Questions H
A1: Number | B1: Question | C1: Answer | D1: Topic | F1: Students have studied up to question: | G1: 138
A2: 1 | B2: Where did the Big Three meet to discuss the fate of Germany? | C2: The Palace of Versailles outside Paris | D2: The Big Three | F2: Start question of current topic: | G2: 139
A3: 2 | B3: Who was the British Prime Minister at the Paris Peace Conference? | C3: David Lloyd George | D3: The Big Three | F3: End question of current topic: | G3: 154
A4: 3 | B4: Who was the President of the USA at the Paris Peace Conference? | C4: Woodrow Wilson | D4: The Big Three
A5: 4 | B5: Who was the Prime Minister of France at the Paris Peace Conference? | C5: Georges Clemenceau | D5: The Big Three
A6: 5 | B6: What is the name of the treaty that Germany signed with Russia? | C6: Treaty of Brest-Litovsk | D6: The Big Three
A7: 6 | B7: The British public pressured David Lloyd George to ‘squeeze Germany like a…’ what? | C7: Lemon | D7: The Big Three
A8: 7 | B8: What were Lloyd George’s two key priorities at Versailles? | C8: Peace and trade | D8: The Big Three
A9: 8 | B9: What did Lloyd George hope to do Germany’s Empire at Versailles? | C9: Take some of Germany’s overseas colonies and add them to the British Empire | D9: The Big Three
A10: 9 | B10: In which 19th century war had France been invaded by - and lost land to - Germany? | C10: Franco-Prussian War (1870-71) | D10: The Big Three
A11: 10 | B11: Roughly what fraction of French soldiers who had served in the French army had been killed or injured in WW1? | C11: Over two-thirds | D11: The Big Three
A12: 11 | B12: What was Georges Clemenceau’s primary aim at Versailles? | C12: Make France safe from any possible German attack in the future - to weaken Germany as much as possible | D12: The Big Three
A13: 12 | B13: What kinds of peace did Woodrow Wilson hope for at Versailles? | C13: A just and lasting peace | D13: The Big Three
A14: 13 | B14: What Wilson fear might happen if Germany was treated too harshly at Versailles? | C14: In the future it might recover and want revenge | D14: The Big Three
A15: 14 | B15: What did the American public want from the Treaty of Versailles? | C15: To stay out of the world’s problems by following a policy of isolationism | D15: The Big Three
... A26: 25 | B26: What name was given to the part of the Treaty that blamed Germany for starting the war? | C26: War Guilt Clause | D26: The Treaty of Versailles
A27: 26 | B27: The German army was limited to how many soldiers by the Treaty of Versailles? | C27: 100000 | D27: The Treaty of Versailles
A28: 27 | B28: What recruitment system was the German army banned from using in the Treaty of Versailles? | C28: Conscription | D28: The Treaty of Versailles
A29: 28 | B29: Name the three main types of military equipment the German army was banned from possessing. | C29: Tanks, submarines and military aeroplanes | D29: The Treaty of Versailles
A30: 29 | B30: How much were the reparations that Germany had to pay in the Treaty of Versailles? | C30: £6,600 million (£6.6 billion) | D30: The Treaty of Versailles
A31: 30 | B31: In what year was the German reparations sum set? | C31: 1921 | D31: The Treaty of Versailles
A32: 31 | B32: Which border territory gained in the Franco-Prussian War was returned to France by the Treaty of Versailles? | C32: Alsace-Lorraine | D32: The Treaty of Versailles
A33: 32 | B33: What happened to Germany’s colonies in the Treaty of Versailles? | C33: Mostly put under the control of Britain and France | D33: The Treaty of Versailles
A34: 33 | B34: Which valuable coal mining area was put under control of the League of Nations in 1920? | C34: The Saar | D34: The Treaty of Versailles
A35: 34 | B35: Which German regions were taken to form the Polish Corridor? | C35: West Prussia and Upper Silesia | D35: The Treaty of Versailles
A36: 35 | B36: What happened to the port city of Danzig under the Treaty of Versailles? | C36: Put under control of the League of Nations | D36: The Treaty of Versailles
A37: 36 | B37: Germany was forbidden from uniting with which neighbouring country? | C37: Austria | D37: The Treaty of Versailles
A38: 37 | B38: Which peace-keeping organisation was established by the Treaty of Versailles? | C38: League of Nations | D38: The Treaty of Versailles
A39: 38 | B39: Why were some French people pleased with the Treaty of Versailles? | C39: It removed threat of another German invasion | D39: The Treaty of Versailles
A40: 39 | B40: Why did some British people support the Treaty of Versailles? | C40: Germany had been punished for the deaths of their family members | D40: The Treaty of Versailles
A41: 40 | B41: Why did some British people oppose the Treaty of Versailles? | C41: They were not sure if it would bring peace as they didn’t know how Germany would react to it | D41: The Treaty of Versailles
A42: 41 | B42: Why did Germany have no choice over whether to sign the Treaty of Versailles? | C42: If they didn’t, the war would have restarted | D42: The Treaty of Versailles
A43: 42 | B43: Why did Germany oppose the War Guilt Clause? | C43: They didn’t feel that they had started the war on their own | D43: The Treaty of Versailles
A44: 43 | B44: Why did some people argue that the Treaty of Versailles did not punish the right people? | C44: The Kaiser, who began the war, had abdicated | D44: The Treaty of Versailles
A45: 44 | B45: What percentage of Germany’s population were absorbed into other countries following the Treaty of Versailles? | C45: 0.125 | D45: The Treaty of Versailles
A46: 45 | B46: Why were Germans concerned by the reduction of the size of their army? | C46: They believed they wouldn’t be able to defend themselves | D46: The Treaty of Versailles
A47: 46 | B47: What had France wanted to do to German territory after WW1? | C47: Break it into a series of small weak states | D47: The Treaty of Versailles
A48: 47 | B48: Which harsh treaty had Germany imposed on Russia in 1918? | C48: Brest-Litovsk | D48: The Treaty of Versailles
A49: 48 | B49: Which country was the focus of the Treaty of St Germain? | C49: Austria | D49: The 'Other' Peace Treaties
A50: 49 | B50: In which year was the Treaty of St Germain signed? | C50: 1919 | D50: The 'Other' Peace Treaties
A51: 50 | B51: Austria lost the regions of Bohemia and Moravia to which country after WW1? | C51: Czechoslovakia | D51: The 'Other' Peace Treaties
A52: 51 | B52: The Treaty of St Germain gave the regions of Dalmatia, Bosnia and Herzegovina to which country? | C52: Yugoslavia | D52: The 'Other' Peace Treaties
A53: 52 | B53: The Treaty of St Germain gave the regions of South Tyrol, Trentino and Istria to which country? | C53: Italy | D53: The 'Other' Peace Treaties
A54: 53 | B54: What limit was placed on Austria’s armed forces after WW1? | C54: 30,000 soldiers | D54: The 'Other' Peace Treaties
A55: 54 | B55: Which country was Austria forbidden from uniting with after WW1? | C55: Germany | D55: The 'Other' Peace Treaties
A56: 55 | B56: Which country was the focus of the Treaty of Trianon? | C56: Hungary | D56: The 'Other' Peace Treaties
A57: 56 | B57: In which year was the Treaty of Trianon signed? | C57: 1920 | D57: The 'Other' Peace Treaties
A58: 57 | B58: The Treaty of Trianon gave the regions of Slovakia, Ruthenia and Bratislava to which country? | C58: Czechoslovakia | D58: The 'Other' Peace Treaties
A59: 58 | B59: The Treaty of Trianon gave the regions of Croatia and Slovenia to which country? | C59: Yugoslavia | D59: The 'Other' Peace Treaties
A60: 59 | B60: The Treaty of Trianon gave the regions of Transylvania and the Banat to which country? | C60: Romania | D60: The 'Other' Peace Treaties
A61: 60 | B61: What limit was placed on Hungary’s armed forces after WW1? | C61: 35,000 soldiers | D61: The 'Other' Peace Treaties
A62: 61 | B62: Which country was the focus of the Treaty of Neuilly? | C62: Bulgaria | D62: The 'Other' Peace Treaties
A63: 62 | B63: In which year was the Treaty of Neuilly signed? | C63: 1919 | D63: The 'Other' Peace Treaties
A64: 63 | B64: Which country was the focus of the Treaty of Sèvres? | C64: Turkey | D64: The 'Other' Peace Treaties
A65: 64 | B65: In what year was the Treaty of Sèvres signed? | C65: 1920 | D65: The 'Other' Peace Treaties
A66: 65 | B66: Turkey signed two treaties after WW1. What is the name of the second one? | C66: Lausanne | D66: The 'Other' Peace Treaties
A67: 66 | B67: Which country’s army was reduced to the smallest amount after WW1? | C67: Bulgaria | D67: The 'Other' Peace Treaties
A68: 67 | B68: Which country was left with the largest army after WW1? | C68: Turkey | D68: The 'Other' Peace Treaties
A69: 68 | B69: Name two regions that formed the new Yugoslavia after WW1. | D69: The 'Other' Peace Treaties
A70: 69 | B70: Which country had to give its Aegean coastline to Greece after WW1? | C70: Bulgaria | D70: The 'Other' Peace Treaties
A71: 70 | B71: Which country was known as the ‘sick man of Europe’ at the time of WW1? | C71: Turkey | D71: The 'Other' Peace Treaties
A72: 71 | B72: Which country was forbidden from uniting with Germany after WW1? | C72: Austria | D72: The 'Other' Peace Treaties
A73: 72 | B73: South Tyrol, Trentino and Istria were given to which country after WW1? | C73: Italy | D73: The 'Other' Peace Treaties
A74: 73 | B74: Did the ‘other’ treaties signed after WW1 demand reparations? | C74: Yes | D74: The 'Other' Peace Treaties
A75: 74 | B75: Romania gained Transylvania after WW1. Which other region did it gain part of? | C75: The Banat | D75: The 'Other' Peace Treaties
A76: 75 | B76: In which year did the Upper Silesia dispute take place? | C76: 1921 | D76: League of Nations in the 1920s
A77: 76 | B77: Which two countries were involved in the Upper Silesia dispute? | C77: Germany and Poland | D77: League of Nations in the 1920s
A78: 77 | B78: How did the League decide what to do over Upper Silesia? | C78: They ran a plebiscite | D78: League of Nations in the 1920s
A79: 78 | B79: Which country did the industrial areas in Upper Silesia mostly vote to join? | C79: Germany | D79: League of Nations in the 1920s
A80: 79 | B80: Which territory did Finland and Sweden have a dispute over in 1921? | C80: Aaland Islands | D80: League of Nations in the 1920s
A81: 80 | B81: Which country did the League grant control of the Aaland Islands to? | C81: Finland | D81: League of Nations in the 1920s
A82: 81 | B82: How did Sweden respond to the League’s ruling over the Aaland Islands? | C82: They accepted the ruling | D82: League of Nations in the 1920s
A83: 82 | B83: The War of the Stray Dog involved Bulgaria and Greece in which year? | C83: 1925 | D83: League of Nations in the 1920s
A84: 83 | B84: How did the League respond to the border clashes between Bulgaria and Greece? | C84: Appealed to both countries to stop fighting and sent a commission to investigate | D84: League of Nations in the 1920s
A85: 84 | B85: What was the League’s ruling over the Bulgaria Crisis? | C85: Greece should leave the country and pay compensation | D85: League of Nations in the 1920s
A86: 85 | B86: Why was Greece unhappy with the League’s ruling over Bulgaria? | C86: Greece felt larger countries were being favoured over smaller countries | D86: League of Nations in the 1920s
A87: 86 | B87: Approximately how many First World War prisoners did the League help to repatriate? | C87: 400000 | D87: League of Nations in the 1920s
A88: 87 | B88: Approximately how many slaves did the League free in Sierra Leone? | C88: 200000 | D88: League of Nations in the 1920s
A89: 88 | B89: When was the Locarno Treaty signed? | C89: 1925 | D89: League of Nations in the 1920s
A90: 89 | B90: When was the Kellogg-Brian Pact signed? | C90: 1928 | D90: League of Nations in the 1920s
A91: 90 | B91: Which city was the focus for a dispute in 1920 between Poland and Lithuania? | C91: Vilna | D91: League of Nations in the 1920s
A92: 91 | B92: What did Poland do the Lithuanian capital? | C92: Occupied it by moving in their army | D92: League of Nations in the 1920s
A93: 92 | B93: Why did France support Poland over Vilna? | C93: To secure Polish support in the event of a future attack by Germany | D93: League of Nations in the 1920s
A94: 93 | B94: Why did Britain not intervene over Vilna? | C94: The British public felt Vilna was too far away to worry about | D94: League of Nations in the 1920s
A95: 94 | B95: Why was the League unable to respond to the Polish occupation of Vilna? | C95: The League didn’t have its own army | D95: League of Nations in the 1920s
A96: 95 | B96: In which year did the Corfu Crisis take place? | C96: 1923 | D96: League of Nations in the 1920s
A97: 96 | B97: Before the Corfu Crisis, Italian soldiers were mapping the boundary between Greece and which country? | C97: Albania | D97: League of Nations in the 1920s
A98: 97 | B98: What is the name of the Italian general whose death prompted the Corfu Crisis? | C98: Tellini | D98: League of Nations in the 1920s
A99: 98 | B99: Italy broke the Covenant of the League by attacking Corfu. Why? | C99: Greece did not pay compensation for the death of Tellini, or hand over the murderers | D99: League of Nations in the 1920s
A100: 99 | B100: What did the League demand Greece do after Mussolini put pressure on the Council? | C100: Pay compensation to Italy | D100: League of Nations in the 1920s
A101: 100 | B101: When did Mussolini remove Italian troops from Corfu? | C101: 27 September 1923 | D101: League of Nations in the 1920s
A102: 101 | B102: In what year did the Washington Naval Conference take place? | C102: 1921 | D102: League of Nations in the 1920s
A103: 102 | B103: What was agreed at the Washington Naval Conference? | C103: The USA, Japan, Britain and France would limit the size of their navies | D103: League of Nations in the 1920s
A104: 103 | B104: Which worldwide event strained relations between countries from 1929? | C104: The Great Depression (triggered by the Wall Street Crash) | D104: League of Nations in the 1930s
A105: 104 | B105: What triggered the Japanese invasion of Manchuria? | C105: Chinese aggression against their railway | D105: League of Nations in the 1930s
A106: 105 | B106: How did China respond to the Japances invasion of Manchuria? | C106: Called on the League of Nations | D106: League of Nations in the 1930s
A107: 106 | B107: Who led the League’s investigation of the Manchuria Crisis? | C107: Lord Lytton | D107: League of Nations in the 1930s
A108: 107 | B108: How long did it take the Lytton Enquiry to publish its judgement? | C108: Over a year – February 1933 | D108: League of Nations in the 1930s
A109: 108 | B109: What did the Lytton Enquiry say about the Manchuria Crisis? | C109: Japan needed to leave Manchuria | D109: League of Nations in the 1930s
A110: 109 | B110: What was Japan’s response to the Manchuria ruling? | C110: Japan quit the League | D110: League of Nations in the 1930s
...

Sheet Quiz 10
E1: Question from bank | F1: Question | G1: Answer
B2: Interleaved Questions | D2: ='Questions H'!G1 -> 138 | E2: =IFERROR(RANDBETWEEN(1, D2), "") -> 25 | F2: =VLOOKUP(E2, 'Questions H'!A:E, 2, FALSE) -> What name was given to the part of the Treaty that blamed Germany for starting the war? | G2: =VLOOKUP(E2, 'Questions H'!A:E, 3, FALSE) -> War Guilt Clause
E3: =IFERROR(RANDBETWEEN(1, D2), "") -> 120 | F3: =VLOOKUP(E3, 'Questions H'!A:E, 2, FALSE) -> Which product was not the subject of economic sanctions against Italy over Abyssinia? | G3: ='Battleships 5x5'!AA2=VLOOKUP(E3, 'Questions H'!A:E, 3, FALSE) -> FALSE
E4: =IFERROR(RANDBETWEEN(1, D2), "") -> 61 | F4: =VLOOKUP(E4, 'Questions H'!A:E, 2, FALSE) -> Which country was the focus of the Treaty of Neuilly? | G4: =VLOOKUP(E4, 'Questions H'!A:E, 3, FALSE) -> Bulgaria
E5: =IFERROR(RANDBETWEEN(1, D2), "") -> 19 | F5: =VLOOKUP(E5, 'Questions H'!A:E, 2, FALSE) -> Why was Lloyd George unhappy about Wilson’s suggestion to give all nations access to the seas? | G5: =VLOOKUP(E5, 'Questions H'!A:E, 3, FALSE) -> It would threaten Britain’s ability to rule its Empire
E6: =IFERROR(RANDBETWEEN(1, D2), "") -> 47 | F6: =VLOOKUP(E6, 'Questions H'!A:E, 2, FALSE) -> Which harsh treaty had Germany imposed on Russia in 1918? | G6: =VLOOKUP(E6, 'Questions H'!A:E, 3, FALSE) -> Brest-Litovsk
B7: Topic Questions | C7: ='Questions H'!G2 -> 139 | D7: ='Questions H'!G3 -> 154 | E7: =IFERROR(RANDBETWEEN(C7, D7), "") -> 148 | F7: =VLOOKUP(E7, 'Questions H'!A:E, 2, FALSE) -> On what date did Hitler sign the Munich Agreement? | G7: =VLOOKUP(E7, 'Questions H'!A:E, 3, FALSE) -> 14152
E8: =IFERROR(RANDBETWEEN(C7, D7), "") -> 141 | F8: =VLOOKUP(E8, 'Questions H'!A:E, 2, FALSE) -> What was the risk to Britain of trying to stop Hitler challenging the Treaty of Versailles? | G8: =VLOOKUP(E8, 'Questions H'!A:E, 3, FALSE) -> It could lead to another war
E9: =IFERROR(RANDBETWEEN(C7, D7), "") -> 152 | F9: =VLOOKUP(E9, 'Questions H'!A:E, 2, FALSE) -> When was the Nazi-Soviet Pact signed? | G9: =VLOOKUP(E9, 'Questions H'!A:E, 3, FALSE) -> 24th August 1939
E10: =IFERROR(RANDBETWEEN(C7, D7), "") -> 149 | F10: =VLOOKUP(E10, 'Questions H'!A:E, 2, FALSE) -> What phrase did Chamberlain use to describe the Munich Agreement? | G10: =VLOOKUP(E10, 'Questions H'!A:E, 3, FALSE) -> “peace for our time”
E11: =IFERROR(RANDBETWEEN(C7, D7), "") -> 145 | F11: =VLOOKUP(E11, 'Questions H'!A:E, 2, FALSE) -> Why was appeasement useful for Hitler’s army? | G11: =VLOOKUP(E11, 'Questions H'!A:E, 3, FALSE) -> It gave him time to continue building it up

Sheet For board 10
A1: 1 | B1: ='Quiz 10'!F2 -> What name was given to the part of the Treaty that blamed Germany for starting the war?
A2: 2 | B2: ='Quiz 10'!F3 -> Which product was not the subject of economic sanctions against Italy over Abyssinia?
A3: 3 | B3: ='Quiz 10'!F4 -> Which country was the focus of the Treaty of Neuilly?
A4: 4 | B4: ='Quiz 10'!F5 -> Why was Lloyd George unhappy about Wilson’s suggestion to give all nations access to the seas?
A5: 5 | B5: ='Quiz 10'!F6 -> Which harsh treaty had Germany imposed on Russia in 1918?
A6: 6 | B6: ='Quiz 10'!F7 -> On what date did Hitler sign the Munich Agreement?
A7: 7 | B7: ='Quiz 10'!F8 -> What was the risk to Britain of trying to stop Hitler challenging the Treaty of Versailles?
A8: 8 | B8: ='Quiz 10'!F9 -> When was the Nazi-Soviet Pact signed?
A9: 9 | B9: ='Quiz 10'!F10 -> What phrase did Chamberlain use to describe the Munich Agreement?
A10: 10 | B10: ='Quiz 10'!F11 -> Why was appeasement useful for Hitler’s army?

Sheet Quiz 8
E1: Question from bank | F1: Question | G1: Answer
B2: Interleaved Questions | D2: ='Questions H'!G1 -> 138 | E2: =IFERROR(RANDBETWEEN(1, D2), "") -> 91 | F2: =VLOOKUP(E2, 'Questions H'!A:E, 2, FALSE) -> What did Poland do the Lithuanian capital? | G2: =VLOOKUP(E2, 'Questions H'!A:E, 3, FALSE) -> Occupied it by moving in their army
E3: =IFERROR(RANDBETWEEN(1, D2), "") -> 85 | F3: =VLOOKUP(E3, 'Questions H'!A:E, 2, FALSE) -> Why was Greece unhappy with the League’s ruling over Bulgaria? | G3: =VLOOKUP(E3, 'Questions H'!A:E, 3, FALSE) -> Greece felt larger countries were being favoured over smaller countries
E4: =IFERROR(RANDBETWEEN(1, D2), "") -> 100 | F4: =VLOOKUP(E4, 'Questions H'!A:E, 2, FALSE) -> When did Mussolini remove Italian troops from Corfu? | G4: =VLOOKUP(E4, 'Questions H'!A:E, 3, FALSE) -> 27 September 1923
E5: =IFERROR(RANDBETWEEN(1, D2), "") -> 105 | F5: =VLOOKUP(E5, 'Questions H'!A:E, 2, FALSE) -> How did China respond to the Japances invasion of Manchuria? | G5: =VLOOKUP(E5, 'Questions H'!A:E, 3, FALSE) -> Called on the League of Nations
B6: Topic Questions | C6: ='Questions H'!G2 -> 139 | D6: ='Questions H'!G3 -> 154 | E6: =IFERROR(RANDBETWEEN(C6, D6), "") -> 146 | F6: =VLOOKUP(E6, 'Questions H'!A:E, 2, FALSE) -> Which was the first area of Czechoslovakia to be targeted by Hitler? | G6: =VLOOKUP(E6, 'Questions H'!A:E, 3, FALSE) -> The Sudetenland
E7: =IFERROR(RANDBETWEEN(C6, D6), "") -> 139 | F7: =VLOOKUP(E7, 'Questions H'!A:E, 2, FALSE) -> What name was used by the western powers towards Germany in the 1930s? | G7: =VLOOKUP(E7, 'Questions H'!A:E, 3, FALSE) -> Appeasement
E8: =IFERROR(RANDBETWEEN(C6, D6), "") -> 144 | F8: =VLOOKUP(E8, 'Questions H'!A:E, 2, FALSE) -> What was the danger of Britain and France refusing to stand up to Hitler’s early gambles? | G8: =VLOOKUP(E8, 'Questions H'!A:E, 3, FALSE) -> It encouraged him to take bigger and bigger risks
E9: =IFERROR(RANDBETWEEN(C6, D6), "") -> 150 | F9: =VLOOKUP(E9, 'Questions H'!A:E, 2, FALSE) -> On which date did Hitler’s troops take over the rest of Czechoslovakia? | G9: =VLOOKUP(E9, 'Questions H'!A:E, 3, FALSE) -> 15th March 1939

Sheet For board 8
A1: 1 | B1: ='Quiz 8'!F2 -> What did Poland do the Lithuanian capital?
A2: 2 | B2: ='Quiz 8'!F3 -> Why was Greece unhappy with the League’s ruling over Bulgaria?
A3: 3 | B3: ='Quiz 8'!F4 -> When did Mussolini remove Italian troops from Corfu?
A4: 4 | B4: ='Quiz 8'!F5 -> How did China respond to the Japances invasion of Manchuria?
A5: 5 | B5: ='Quiz 8'!F6 -> Which was the first area of Czechoslovakia to be targeted by Hitler?
A6: 6 | B6: ='Quiz 8'!F7 -> What name was used by the western powers towards Germany in the 1930s?
A7: 7 | B7: ='Quiz 8'!F8 -> What was the danger of Britain and France refusing to stand up to Hitler’s early gambles?
A8: 8 | B8: ='Quiz 8'!F9 -> On which date did Hitler’s troops take over the rest of Czechoslovakia?

Sheet Quiz 6
E1: Question from bank | F1: Question | G1: Answer
B2: Interleaved Questions | D2: ='Questions H'!G1 -> 138 | E2: =IFERROR(RANDBETWEEN(1, D2), "") -> 112 | F2: =VLOOKUP(E2, 'Questions H'!A:E, 2, FALSE) -> What did Hitler argue at the World Disarmament Conference? | G2: =VLOOKUP(E2, 'Questions H'!A:E, 3, FALSE) -> Germany should be allowed to rearm to a level equal to that of the other powers
E3: =IFERROR(RANDBETWEEN(1, D2), "") -> 57 | F3: =VLOOKUP(E3, 'Questions H'!A:E, 2, FALSE) -> The Treaty of Trianon gave the regions of Slovakia, Ruthenia and Bratislava to which country? | G3: =VLOOKUP(E3, 'Questions H'!A:E, 3, FALSE) -> Czechoslovakia
E4: =IFERROR(RANDBETWEEN(1, D2), "") -> 93 | F4: =VLOOKUP(E4, 'Questions H'!A:E, 2, FALSE) -> Why did Britain not intervene over Vilna? | G4: =VLOOKUP(E4, 'Questions H'!A:E, 3, FALSE) -> The British public felt Vilna was too far away to worry about
B5: Topic Questions | C5: ='Questions H'!G2 -> 139 | D5: ='Questions H'!G3 -> 154 | E5: =IFERROR(RANDBETWEEN(C5, D5), "") -> 154 | F5: =VLOOKUP(E5, 'Questions H'!A:E, 2, FALSE) -> When did Germany invade Poland? | G5: =VLOOKUP(E5, 'Questions H'!A:E, 3, FALSE) -> 1st September 1939
E6: =IFERROR(RANDBETWEEN(C5, D5), "") -> 140 | F6: =VLOOKUP(E6, 'Questions H'!A:E, 2, FALSE) -> Why did some British people in the 1930s feel that Hitler was justified in challenging the Treaty of Versailles? | G6: =VLOOKUP(E6, 'Questions H'!A:E, 3, FALSE) -> They felt that the Treaty was unfair
E7: =IFERROR(RANDBETWEEN(C5, D5), "") -> 140 | F7: =VLOOKUP(E7, 'Questions H'!A:E, 2, FALSE) -> Why did some British people in the 1930s feel that Hitler was justified in challenging the Treaty of Versailles? | G7: =VLOOKUP(E7, 'Questions H'!A:E, 3, FALSE) -> They felt that the Treaty was unfair

Sheet For board 6
A1: 1 | B1: ='Quiz 6'!F2 -> What did Hitler argue at the World Disarmament Conference?
A2: 2 | B2: ='Quiz 6'!F3 -> The Treaty of Trianon gave the regions of Slovakia, Ruthenia and Bratislava to which country?
A3: 3 | B3: ='Quiz 6'!F4 -> Why did Britain not intervene over Vilna?
A4: 4 | B4: ='Quiz 6'!F5 -> When did Germany invade Poland?
A5: 5 | B5: ='Quiz 6'!F6 -> Why did some British people in the 1930s feel that Hitler was justified in challenging the Treaty of Versailles?
A6: 6 | B6: ='Quiz 6'!F7 -> Why did some British people in the 1930s feel that Hitler was justified in challenging the Treaty of Versailles?
